 Dungeon Crawl Stone Soup version 0.25-a0-482-g9b3b753f3f (console) character file.

Game seed: 10161667660053084497, levelgen mode: classic

593115 pentaxis93 the Cloud Mage (level 27, -25/240 HPs)
             Began as a Barachi Summoner on Feb 2, 2020.
             Was the Champion of Cheibriados.
             Annihilated by a white very ugly thing (48 damage)
             ... on level 2 of the Abyss on Feb 10, 2020.
             The game lasted 15:52:26 (103827 turns).

pentaxis93 the Cloud Mage (Barachi Summoner)      Turns: 103827, Time: 15:52:40

Health: -25/240    AC: 37    Str: 36    XL:     27
Magic:  49/49      EV: 20    Int: 40    God:    Cheibriados [******]
Gold:   6072       SH: 22    Dex: 28    Spells: 4/53 levels left

rFire    + + +     SeeInvis +   a - +5 demon blade (vamp)
rCold    . . .     Gourm    .   m - +5 shield
rNeg     . . .     Faith    .   l - +8 fire dragon scales
rPois    +         Spirit   .   X - +2 helmet
rElec    +         Reflect  .   V - +1 cloak of the Elephant {rElec rF+ Dex+3 SInv}
rCorr    .         Harm     .   o - +2 pair of gloves of Foolhardiness {rPois Int+6 Dex-5 SInv}
MR       +++..     Rnd*Rage +   d - +3 pair of boots of Weightlessness {Regen+ Str+4}
Stlth    ++........             H - amulet "Uhaocvad" {*Drain rC+ MR+ Regen+}
HPRegen  0.00/turn              Y - +4 ring of slaying
MPRegen  0.31/turn              W - ring of magical power {=R}

@: very slow
A: +LOS, swims, talons 1, [berserk 2], blurry vision 1, [deterioration 2],
[screaming 2], slowness 1, [inhibited regeneration], strong legs 2
}: 4/15 runes: decaying, serpentine, slimy, silver
a: Hop, Bend Time, Temporal Distortion, Slouch, Step From Time, Renounce
Religion


You were on level 2 of the Abyss.
You worshipped Cheibriados.
Cheibriados was exalted by your worship.
You were not hungry.

You visited 11 branches of the dungeon, and saw 51 of its levels.
You visited the Abyss 2 times.
You visited 2 bazaars.
You also visited: Trove and Bailey.

You collected 11540 gold pieces.
You spent 5468 gold pieces at shops.


Innate Abilities, Weirdness & Mutations

You can be seen from farther away. (+LOS)
You can swim through water.
You cover ground slowly.
You can hop long distances.
You have sharp toenails.
Scrolls take you a little longer to read.
[You often lose your temper in combat.]
[Your body often deteriorates upon taking damage.]
[You sometimes yell uncontrollably at your foes.]
[You do not regenerate when monsters are visible.]


   Skills:
 + Level 24.7 Fighting
 - Level 14.0 Long Blades
 + Level 17.2 Armour
 - Level 9.0 Dodging
 - Level 4.2 Stealth
 - Level 15.0 Shields
 - Level 13.6 Spellcasting
 - Level 2.0 Conjurations
 - Level 9.2 Hexes
 - Level 7.0 Summonings
 - Level 1.0 Translocations
 - Level 2.0 Transmutations
 - Level 3.2 Ice Magic
 * Level 24.8 Air Magic
 - Level 2.0 Earth Magic
   Level 2.6 Poison Magic
 - Level 13.3 Invocations
 - Level 9.0 Evocations


You had 4 spell levels left.
You knew the following spells:

 Your Spells              Type           Power        Failure   Level  Hunger
a - Apportation           Tloc           #####.       1%          1    None
b - Summon Ice Beast      Ice/Summ       ######..     2%          4    None
d - Tukima's Dance        Hex            #######.     1%          3    None
e - Passwall              Tmut/Erth      #####...     1%          2    None
f - Call Canine Familiar  Summ           ######..     1%          3    None
g - Summon Guardian Gole  Hex/Summ       #######.     1%          3    None
i - Invisibility          Hex            #######.     7%          6    #......
l - Summon Lightning Spi  Summ/Air       ########     1%          4    None
t - Lightning Bolt        Conj/Air       #######...   1%          5    None
u - Summon Butterflies    Summ           ######..     1%          1    None
I - Blink                 Tloc           N/A          1%          2    None
T - Tornado               Air            ########..   8%          9    #######
X - Deflect Missiles      Chrm/Air       #######...   1%          6    #......

Your spell library contained the following spells:

 Spells                   Type           Power        Failure   Level  Hunger
 Shock                    Conj/Air       ####         0%          1    None
 Poisonous Vapours        Pois/Air       ######       0%          2    None
 Animate Skeleton         Necr           N/A          1%          1    None
 Beastly Appendage        Tmut           #####.       1%          1    None
 Corona                   Hex            #######      1%          1    None
 Infusion                 Chrm           ####         1%          1    None
 Magic Dart               Conj           ####         1%          1    None
 Pain                     Necr           ####         1%          1    None
 Sandblast                Erth           #####.       1%          1    None
 Sting                    Tmut/Pois      ####         1%          1    None
 Summon Small Mammal      Summ           ####         1%          1    None
 Call Imp                 Summ           ######..     1%          2    None
 Corpse Rot               Necr/Air       N/A          1%          2    None
 Ensorcelled Hibernation  Hex/Ice        ######       1%          2    None
 Searing Ray              Conj           #####.       1%          2    None
 Slow                     Hex            #######.     1%          2    None
 Sticks to Snakes         Tmut           #####...     1%          2    None
 Swiftness                Chrm/Air       #######.     1%          2    None
 Dazzling Flash           Conj/Hex       ######       1%          3    None
 Frozen Ramparts          Ice            ######       1%          3    None
 Inner Flame              Hex/Fire       ######..     1%          3    None
 Mephitic Cloud           Conj/Pois/Air  #######.     1%          3    None
 Static Discharge         Conj/Air       #######.     1%          3    None
 Fulminant Prism          Conj/Hex       ######....   1%          4    None
 Leda's Liquefaction      Hex/Erth       ######....   1%          4    None
 Shroud of Golubria       Chrm/Tloc      ####..       2%          2    None
 Spider Form              Tmut/Pois      #####.....   2%          3    None
 Stone Arrow              Conj/Erth      #####.       2%          3    None
 Sublimation of Blood     Necr           ####......   3%          2    None
 Ignite Poison            Fire/Tmut/Pois #####...     3%          3    None
 Conjure Flame            Conj/Fire      #####...     4%          3    None
 Lesser Beckoning         Tloc           #####.....   4%          3    None
 Vampiric Draining        Necr           ####......   6%          3    None
 Ice Form                 Ice/Tmut       #####...     7%          4    None
 Olgreb's Toxic Radiance  Pois           #####...     7%          4    None
 Petrify                  Tmut/Erth      #####...     9%          4    None
 Iskenderun's Mystic Bla  Conj/Tloc      #####...     11%         4    None
 Passage of Golubria      Tloc           N/A          13%         4    None
 Animate Dead             Necr           N/A          21%         4    None
 Dispel Undead            Necr           ####....     21%         4    None
 Silence                  Hex/Air        ########..   1%          5    None
 Conjure Ball Lightning   Conj/Air       #######...   1%          6    #......
 Metabolic Englaciation   Hex/Ice        ######....   4%          5    None
 Freezing Cloud           Conj/Ice/Air   #######...   4%          6    #......
 Yara's Violent Unravell  Hex/Tmut       ######....   5%          5    None
 Darkness                 Hex            #######...   7%          6    #......
 Summon Forest            Summ/Tloc      ######....   11%         5    None
 Alistair's Intoxication  Tmut/Pois      #####...     22%         5    None
 Blade Hands              Tmut           #####.....   24%         5    None
 Irradiate                Conj/Tmut      #####.....   24%         5    None
 Lee's Rapid Deconstruct  Erth           #####.....   24%         5    None
 Bolt of Magma            Conj/Fire/Erth #####.....   30%         5    None
 Fireball                 Conj/Fire      #####.....   36%         5    None
 Iskenderun's Battlesphe  Conj/Chrm      #####...     36%         5    None
 Chain Lightning          Conj/Air       #######...   45%         8    ######.
 Agony                    Necr           ####....     50%         5    None
 Excruciating Wounds      Chrm/Necr      ####......   50%         5    None
 Summon Hydra             Summ           ######....   67%         7    ####...
 Eringya's Noxious Bog    Tmut/Pois      #####.....   75%         6    #......
 Hydra Form               Tmut           #####.....   78%         6    #......
 Iron Shot                Conj/Erth      #####.....   78%         6    #......
 Statue Form              Tmut/Erth      #####....    78%         6    #......
 Simulacrum               Ice/Necr       #####.....   83%         6    #......
 Spellforged Servitor     Conj/Summ      ######....   95%         7    ####...
 Death Channel            Necr           ####......   97%         6    #......
 Malign Gateway           Summ/Tloc      ######....   97%         7    ####...
 Dragon Form              Tmut           #####.....   100%        7    ####...
 Orb of Destruction       Conj           #####.....   100%        7    ####...
 Ring of Flames           Chrm/Fire      ####......   100%        7    ####...
 Ignition                 Fire           ####......   100%        8    ######.
 Lehudib's Crystal Spear  Conj/Erth      #####.....   100%        8    ######.
 Fire Storm               Conj/Fire      #####.....   100%        9    #######
 Glaciate                 Conj/Ice       #####.....   100%        9    #######
 Shatter                  Erth           #####.....   100%        9    #######

Inventory:

Hand Weapons
 a - a +5 vampiric demon blade (weapon)
   (You took it off Mara on level 2 of the Vaults)
Missiles
 s - 1207 stones (quivered)
Armour
 d - the +3 pair of boots of Weightlessness (worn) {Regen+ Str+4}
   (You found it on level 5 of the Depths)

   It affects your strength (+4).
   It increases your rate of regeneration.
   If you remove this armour, your AC will decrease by 5 (37 -> 32).
 l - +8 fire dragon scales (worn)
   (You found it on level 15 of the Dungeon)
 m - a +5 shield (worn)
   (You found it on level 14 of the Dungeon)
 o - the +2 pair of gloves of Foolhardiness (worn) {rPois Int+6 Dex-5 SInv}
   (You found it in a treasure trove)

   It affects your intelligence (+6).
   It affects your dexterity (-5).
   It protects you from poison.
   It lets you see invisible.
   If you remove this armour, your AC will decrease by 4 (37 -> 33).
 V - the +1 cloak of the Elephant (worn) {rElec rF+ Dex+3 SInv}
   (You found it on level 8 of the Dungeon)

   It affects your dexterity (+3).
   It protects you from fire.
   It insulates you from electricity.
   It lets you see invisible.
   If you remove this armour, your AC will decrease by 3 (37 -> 34).
 X - a +2 helmet (worn)
   (You found it on level 14 of the Dungeon)
Magical Staves
 b - an uncursed staff of wizardry {!a}
   (You found it on level 8 of the Dungeon)
Jewellery
 C - the ring "Wuezui" {rC++ rCorr Str-4 Int+6}
   (You found it in a treasure trove)

   [ring of resist corrosion]

   It affects your strength (-4).
   It affects your intelligence (+6).
   It greatly protects you from cold.
   It provides partial protection from all sources of acid and corrosion.
 F - the ring of Circularity {-Tele MR+ Int+2 SInv Stlth+}
   (You found it on level 5 of the Pits of Slime)

   [ring of stealth]

   It affects your intelligence (+2).
   It affects your resistance to hostile enchantments.
   It lets you see invisible.
   It prevents most forms of teleportation.
   It makes you more stealthy.
 H - the amulet "Uhaocvad" (around neck) {*Drain rC+ MR+ Regen+}
   (You found it on level 3 of the Lair of Beasts)

   [amulet of regeneration]

   It protects you from cold.
   It affects your resistance to hostile enchantments.
   It increases your rate of regeneration.
   It causes draining when unequipped.
 N - the ring "Etuzulih" {rElec rN+ Int+2}
   (You found it on level 3 of the Elven Halls)

   [ring of intelligence]

   It affects your intelligence (+2).
   It insulates you from electricity.
   It protects you from negative energy.
 W - a ring of magical power (right hand) {=R}
   (You found it on level 7 of the Dungeon)
 Y - a +4 ring of slaying (left hand)
   (You took it off a naga on level 1 of the Snake Pit)
 Z - an uncursed ring of wizardry
   (You found it on level 3 of the Dungeon)
Wands
 u - a wand of digging (4)
   (You found it on level 13 of the Dungeon)
 v - a wand of paralysis (36)
   (You found it on level 5 of the Dungeon)
 y - a wand of acid (9)
   (You found it on level 14 of the Dungeon)
 L - a wand of iceblast (28)
   (You found it on level 8 of the Dungeon)
Scrolls
 f - 7 scrolls of fog
 g - 7 scrolls of magic mapping
 k - 5 scrolls of fear
 w - 26 scrolls of remove curse {@r2}
 z - 3 scrolls of blinking
 E - 11 scrolls of teleportation {@r4}
 G - 4 scrolls of summoning
 I - 15 scrolls of identify {@r1}
 Q - 3 scrolls of holy word
 R - a scroll of silence {!r}
Potions
 e - 2 potions of magic
 i - 7 potions of agility
 j - 4 potions of mutation {!q}
 n - 12 potions of lignification {!q}
 p - 7 potions of resistance
 r - 8 potions of might
 x - 4 potions of brilliance
 B - 3 potions of heal wounds {@q2}
 D - 4 potions of invisibility
 J - 9 potions of cancellation
 K - 5 potions of ambrosia
 S - 17 potions of curing {@q1}
 U - 5 potions of flight
Miscellaneous
 c - a lightning rod (4/4)
   (You found it on level 12 of the Dungeon)
 h - 3 boxes of beasts
 q - a fan of gales
   (You found it on level 12 of the Dungeon)
 A - a lamp of fire
   (You found it on level 10 of the Dungeon)
 M - the horn of Geryon
   (You took it off Geryon in the Vestibule of Hell)
 T - 2 phantom mirrors
Comestibles
 O - 64 rations {@e1}

Dungeon Overview and Level Annotations

Branches:
Dungeon (15/15)            Temple (1/1) D:4            Lair (6/6) D:11
  Swamp (4/4) Lair:4        Snake (4/4) Lair:4        Slime (5/5) Lair:5
    Orc (2/2) D:9             Elf (3/3) Orc:2        Vaults (5/5) D:14
  Crypt (0/3) Vaults:2     Depths (5/5) D:15           Hell (visited)
    Dis (0/7) Hell            Geh (0/7) Hell            Coc (0/7) Hell
    Tar (0/7) Hell            Zot (0/5) Depths:5     Bailey (visited)

Altars:
Ashenzari
Cheibriados
Dithmenos
Elyvilon
Fedhas
Gozag
Hepliaklqana
Kikubaaqudgha
Makhleb
Nemelex Xobeh
Okawaru
Qazlal
Ru
Sif Muna
Trog
Uskayaw
Vehumet
Wu Jian
Xom
Yredelemnul
Zin
The Shining One
Beogh

Shops:
D:4 ?   D:5 (   D:8 (   D:10 [   Orc:2 !*[[   Elf:1 !   Vaults:3 }   Depths:3 =

Portals:
Hell: Depths:1 Depths:2 Depths:3 Depths:4 Depths:5
Abyss: Depths:4
Pandemonium: Depths:3
Ziggurat: Depths:4

Annotations:
Elf:2 exclusion: orange crystal statue
Depths:5 exclusion: orange crystal statue

.. . # #.#..#
#.## #.... ... ▒
▒..#.## ..# ##.#
▒▒...##.. ..#
▒▒....#. ░.#
▒....▒.####..#
.░▓░▒..▒....#...#
........▒......░
▒▒XXX░.X..░ .
▒FuXXX..X░.░░ #.
░..░░▒▓X░░░X# ..
. # ░░░#░
▒░#X.▒...#.#. ..▒
▓XX#▒░X...# . .
XX▓.. ▒.▒▒ ▒.▒ ▓
▓.. #▒▒ ....
░XX.. .. .▒ ▒..X.
░ X. #.....
...... ... ..#.
...▒▒▒. ░.░ . ..
▒ ▒▒. .▒# .░....§
.▒


You could see 10 starcursed masses and a white very ugly thing.


Message History

The ynoxinul is almost dead.
You slash the ynoxinul!
You kill the ynoxinul!
Cheibriados appreciates the change of pace.
The ufetubus disappears in a puff of smoke! x2
A wretched star comes into view.
You closely miss the wretched star.
The wretched star glows turbulently.
The lance of force hits you but does no damage.
You slice the wretched star!!
The wretched star is heavily damaged.
The wretched star glows turbulently.
You block the lance of force.
You slice the wretched star like a ripe choko!!!
You destroy the wretched star!
Cheibriados thoroughly appreciates the change of pace.
Really quaff
j - 7 potions of mutation {!q}?
You feel extremely strange.
Your iridescent scales disappear.
Your urge to shout disappears.
Your body's shape seems more normal.
You feel weaker.
You feel less energetic.
You feel yourself wasting away.
You feel resistant to hostile enchantments.
Unknown command.
Really quaff
j - 6 potions of mutation {!q}?
You feel extremely strange.
You begin to regenerate regardless of the presence of monsters.
You feel more energetic.
You feel less resistant to hostile enchantments.
You feel healthier.
Your feet thicken and deform.
Unknown command.
A sun demon comes into view.
The sun demon shouts!
You slice the sun demon!!
The sun demon is severely wounded.
You hit the sun demon.
The sun demon is severely wounded.
You block the sun demon's attack.
You hit the sun demon but do no damage.
The sun demon is severely wounded.
You block the sun demon's attack.
You barely miss the sun demon.
The sun demon is severely wounded.
You barely miss the sun demon.
The sun demon is severely wounded.
You block the sun demon's attack.
You hit the sun demon but do no damage.
The sun demon is severely wounded.
The sun demon hits you but does no damage.
You slice the sun demon!!
You kill the sun demon!
Cheibriados thoroughly appreciates the change of pace.
You plunge deeper into the Abyss.
Found a ration.
Really quaff
j - 5 potions of mutation {!q}?
You feel extremely strange.
Your hooves look more like feet.
Your system completely accepts the healing effects of potions.
Your hooves expand and flesh out into feet!
Your vision blurs.
Your toenails lengthen and sharpen.
O - 63 rations {@e1} (gained 1)
Found a potion of cancellation.
Cast which spell? (? or * to list)
Aiming: Apportation (safe; 1% risk of failure)
Press: ? - help, Dir - move target cursor Apport: a potion of cancellation Yoink!
You pull the item towards yourself.
J - 9 potions of cancellation (gained 1)
Found a chain mail.
There is an open door here.
A thrashing horror comes into view. x2
Found a scroll of identify.
Cast which spell? (? or * to list)
Aiming: Apportation (safe; 1% risk of failure)
Press: ? - help, Dir - move target cursor Apport: a scroll of identify Yoink!
You pull the item towards yourself.
I - 15 scrolls of identify {@r1} (gained 1)
An ice devil comes into view.
The ice devil barely misses you.
You riposte.
You slice the ice devil!!
The ice devil is severely wounded.
The ice devil closely misses you.
You riposte.
You hit the ice devil.
The ice devil is severely wounded.
You slash the ice devil!
You kill the ice devil!
Cheibriados appreciates the change of pace.
Found 51 gold pieces.
Cast which spell? (? or * to list)
Aiming: Apportation (safe; 1% risk of failure)
Press: ? - help, Dir - move target cursor Apport: 51 gold pieces Yoink!
You pull the items towards yourself.
You now have 6072 gold pieces (gained 51).
The raiju barks!
A large abomination comes into view.
You block the raiju's attack.
You slice the raiju!!
The raiju is severely wounded.
You block the raiju's attack.
You barely miss the raiju.
The raiju is severely wounded.
The raiju misses you.
You riposte.
You slice the raiju!!
You kill the raiju!
Cheibriados thoroughly appreciates the change of pace.
The large abomination hits you but does no damage.
You block the large abomination's attack. x3
Found 9 stones.
You slash the large abomination!
The large abomination is lightly damaged.
You slice the large abomination!!
The large abomination is almost destroyed.
You block the large abomination's attack.
You hit the large abomination but do no damage.
The large abomination is almost destroyed.
You slash the large abomination!
You destroy the large abomination!
Cheibriados thoroughly appreciates the change of pace.
There is an open door here.
Found a flail.
Found a potion of lignification.
Cast which spell? (? or * to list)
Aiming: Apportation (safe; 1% risk of failure)
Press: ? - help, Dir - move target cursor Apport: a potion of lignification Yoink!
You pull the item towards yourself.
n - 12 potions of lignification {!q} (gained 1)
A rakshasa comes into view. It is wielding a +0 long sword.
The rakshasa moves out of view.
A freezing wraith comes into view.
Found a gateway leading out of the Abyss.
There is an open door here.
You slash the freezing wraith!
The freezing wraith is lightly damaged.
The freezing wraith hits you but does no damage.
The freezing wraith completely misses you.
You slice the freezing wraith like a ripe choko!!!
You destroy the freezing wraith!
Cheibriados thoroughly appreciates the change of pace.
There is an open door here.
A large abomination comes into view.
The large abomination misses you.
There is a large open door here.
You slice the large abomination!!
The large abomination is moderately damaged.
You slash the large abomination!
The large abomination is severely damaged.
You slice the large abomination!!
You destroy the large abomination!
Cheibriados appreciates the change of pace.
You slice the small abomination!!
You destroy the small abomination!
Cheibriados thoroughly appreciates the change of pace.
A mana viper comes into view.
The mana viper hisses angrily.
You block the mana viper's attack. The mana viper misses you.
You riposte.
You completely miss the mana viper. You slice the mana viper!!
The mana viper is heavily wounded.
You slice the mana viper!!
You kill the mana viper!
Cheibriados appreciates the change of pace.
Found a ration.
Cast which spell? (? or * to list)
Aiming: Apportation (safe; 1% risk of failure)
Press: ? - help, Dir - move target cursor Apport: a ration Yoink!
You pull the item towards yourself.
O - 64 rations {@e1} (gained 1)
A blink frog comes into view.
A wretched star comes into view.
The wretched star moves out of view.
A starcursed mass comes into view.
A starcursed mass splits.
A chorus of shrieks assaults your mind.
A starcursed mass splits.
You hit the small abomination.
The small abomination is moderately damaged.
The wretched star pulses with an eldritch light!
Your regeneration stops near monsters.
You block the small abomination's attack.
You slice the small abomination like a ripe choko!!!
You destroy the small abomination!
Cheibriados thoroughly appreciates the change of pace.
A starcursed mass splits.
A starcursed mass comes into view.
A starcursed mass splits.
A chorus of shrieks assaults your mind.
The small abomination completely misses you.
You block the starcursed mass's attack.
A starcursed mass splits.
You slice the starcursed mass!!
The starcursed mass is moderately damaged.
You block the small abomination's attack.
The starcursed mass engulfs you but does no damage.
A starcursed mass splits.
You open the small abomination like a pillowcase!!!
You destroy the small abomination!
Cheibriados appreciates the change of pace.
The wretched star pulses with an eldritch light!
You feel yourself wasting away.
You feel your body start to fall apart.
A deafening chorus of shrieks assaults your mind!
You slash the starcursed mass!
The starcursed mass is heavily damaged.
A starcursed mass splits.
You block the starcursed mass's attack.
A starcursed mass splits.
You slash the starcursed mass!
The starcursed mass is heavily damaged.
The wretched star pulses with an eldritch light!
You feel a little pissed off.
You feel angry.
You feel the urge to shout.
You feel a strong urge to yell.
A starcursed mass splits. x2
You hit the starcursed mass.
The starcursed mass is severely damaged.
The starcursed mass shudders and is absorbed by its neighbour.
A starcursed mass splits.
You slice the wretched star!!
The wretched star is moderately damaged.
A starcursed mass splits.
You slice the wretched star!!
The wretched star is severely damaged.
A cacophony of accursed wailing tears at your sanity!
You suddenly lose the ability to move!
A starcursed mass splits.
The starcursed mass engulfs you but does no damage.
The starcursed mass engulfs you!
A starcursed mass splits. x2
A cacophony of accursed wailing tears at your sanity!
You shrug off the repeated paralysis!
The starcursed mass engulfs you.
A starcursed mass splits.
The starcursed mass engulfs you but does no damage.
The wretched star glows turbulently.
The lance of force hits you!
You are knocked back by the lance of force.
You slam into the stone wall!
A starcursed mass splits.
You can move again.
You cut the wretched star into ribbons!!!
You destroy the wretched star!
Cheibriados thoroughly appreciates the change of pace.
The starcursed mass engulfs you but does no damage.
You block the starcursed mass's attack.
A starcursed mass splits.
A cacophony of accursed wailing tears at your sanity!
You shrug off the repeated paralysis!
The starcursed mass barely misses you.
The starcursed mass engulfs you but does no damage.
You block the starcursed mass's attack.
A deafening chorus of shrieks assaults your mind!
* * * LOW HITPOINT WARNING * * *
A starcursed mass splits.
The starcursed mass misses you.
You slash the starcursed mass!
You destroy the starcursed mass!
Cheibriados thoroughly appreciates the change of pace.
You slice the starcursed mass!!
The starcursed mass is almost destroyed.
The starcursed mass shudders and is absorbed by its neighbour.
A starcursed mass splits.
The starcursed mass engulfs you but does no damage.
A cacophony of accursed wailing tears at your sanity!
* * * LOW HITPOINT WARNING * * *
You block the starcursed mass's attack. x2
You hit the starcursed mass.
The starcursed mass is severely damaged.
The starcursed mass shudders and is absorbed by its neighbour.
You block the starcursed mass's attack.
A starcursed mass splits.
You block the starcursed mass's attack. A chorus of shrieks assaults your mind.
* * * LOW HITPOINT WARNING * * *
You hit the starcursed mass.
The starcursed mass is moderately damaged.
The starcursed mass shudders and is absorbed by its neighbour.
You completely miss the starcursed mass.
The starcursed mass is moderately damaged.
You slice the starcursed mass!!
The starcursed mass is almost destroyed.
The starcursed mass shudders and is absorbed by its neighbour.
You chop the starcursed mass into pieces!!!
You destroy the starcursed mass!
Cheibriados appreciates the change of pace.
You swing at nothing.
The starcursed mass shrieks in your mind.
* * * LOW HITPOINT WARNING * * *
You cut the starcursed mass into ribbons!!!
You destroy the starcursed mass!
Cheibriados thoroughly appreciates the change of pace.
A white very ugly thing comes into view.
The white very ugly thing gurgles horribly!
You block the starcursed mass's attack.
A starcursed mass splits.
You block the starcursed mass's attack. You block the starcursed mass's attack.
A cacophony of accursed wailing tears at your sanity!
* * * LOW HITPOINT WARNING * * *
You suddenly lose the ability to move!
The white very ugly thing tentacle-slaps you.
* * * LOW HITPOINT WARNING * * *
The white very ugly thing freezes you!!!
* * * LOW HITPOINT WARNING * * *
The starcursed mass engulfs you.
* * * LOW HITPOINT WARNING * * *
You can move again.
You block the starcursed mass's attack.
A cacophony of accursed wailing tears at your sanity!
* * * LOW HITPOINT WARNING * * *
You shrug off the repeated paralysis!
You block the starcursed mass's attack.
The white very ugly thing tentacle-slaps you!
* * * LOW HITPOINT WARNING * * *
The white very ugly thing freezes you!!!
You die...

Skill      XL: |  1  2  3  4  5  6  7  8  9 10 11 12 13 14 15 16 17 18 19 20 21 22 23 24 25 26 |
---------------+-------------------------------------------------------------------------------+-----
Fighting       | 1 3 4 5 7 8 9 10 11 12 13 14 16 17 18 19 20 21 22 23 24 | 24.7
Stealth        | 2 3 4 |  4.2
Dodging        | 3 4 6 7 9 |  9.0
Spellcasting   | 3 4 5 6 8 9 10 12 13 | 13.6
Hexes          | 2 3 6 8 9 |  9.2
Evocations     | 1 2 4 5 7 8 9 |  9.0
Invocations    | 1 2 3 4 7 9 10 11 12 13 | 13.3
Summonings     | 5 6 7 |  7.0
Ice Magic      | 1 3 |  3.2
Air Magic      | 3 9 13 16 18 20 21 23 24 | 24.8
Armour         | 3 7 9 11 13 15 17 | 17.2
Poison Magic   | 2 |  2.6
Conjurations   | 2 |  2.0
Shields        | 3 8 10 11 13 15 | 15.0
Long Blades    | 7 10 14 | 14.0
Transmutations | 2 |  2.0
Earth Magic    | 2 |  2.0
Translocations | 1 |  1.0

Action                   |  1- 3 |  4- 6 |  7- 9 | 10-12 | 13-15 | 16-18 | 19-21 | 22-24 | 25-27 || total
-------------------------+-------+-------+-------+-------+-------+-------+-------+-------+-------++-------
Melee: Club              |    58 |       |       |       |       |       |       |       |       ||    58
       Unarmed           |     7 |       |       |     3 |       |       |       |       |       ||    10
       Dagger            |     9 |   174 |   348 |       |       |       |       |       |       ||   531
       Spear             |       |       |    43 |   536 |   199 |       |       |       |       ||   778
       Trident           |       |       |       |       |   632 |       |       |       |       ||   632
       Long sword        |       |       |       |       |     1 |       |       |       |       ||     1
       Scimitar          |       |       |       |       |   264 |   898 |       |       |       ||  1162
       Demon blade       |       |       |       |       |       |    69 |  1695 |  2132 |   650 ||  4546
Throw: Stone             |    11 |    11 |    25 |    42 |    61 |    39 |    33 |    52 |    20 ||   294
 Cast: Summon Small Mamm |    11 |     1 |       |       |       |       |       |       |       ||    12
       Call Imp          |    11 |     5 |     4 |     2 |       |       |       |       |       ||    22
       Call Canine Famil |       |    10 |    12 |    81 |    95 |   103 |    59 |    32 |       ||   392
       Summon Guardian G |       |     3 |    14 |    23 |    59 |    68 |    45 |    21 |       ||   233
       Summon Ice Beast  |       |       |    51 |    27 |    26 |    12 |     4 |    23 |       ||   143
       Summon Lightning  |       |       |     6 |    92 |    98 |    97 |    63 |    30 |     1 ||   387
       Apportation       |       |       |       |    47 |    56 |    64 |    27 |    41 |     8 ||   243
       Mephitic Cloud    |       |       |       |     3 |       |       |       |       |       ||     3
       Tukima's Dance    |       |       |       |       |    12 |    34 |     6 |     3 |       ||    55
       Summon Butterflie |       |       |       |       |     1 |     1 |       |       |       ||     2
       Invisibility      |       |       |       |       |       |     3 |       |       |     1 ||     4
       Passwall          |       |       |       |       |       |     8 |       |     3 |       ||    11
       Deflect Missiles  |       |       |       |       |       |       |     3 |     4 |     1 ||     8
       Lightning Bolt    |       |       |       |       |       |       |    14 |   129 |   110 ||   253
       Tornado           |       |       |       |       |       |       |       |       |    21 ||    21
Invok: Bend Time         |       |       |     1 |     5 |     1 |     1 |       |       |       ||     8
       Slouch            |       |       |       |       |    15 |    16 |    14 |     7 |     3 ||    55
 Abil: Hop               |     1 |     1 |     4 |     8 |    11 |    13 |    12 |    14 |     1 ||    65
Evoke: Wand              |       |       |     2 |       |     2 |    10 |     4 |    11 |       ||    29
       Box of beasts     |       |       |       |       |       |     1 |       |     1 |       ||     2
       Lamp of fire      |       |       |       |       |       |     2 |       |     4 |       ||     6
       Lightning rod     |       |       |       |       |       |     2 |       |     1 |       ||     3
       Fan of gales      |       |       |       |       |       |     1 |       |     1 |       ||     2
       Horn of Geryon    |       |       |       |       |       |       |       |       |     1 ||     1
  Use: Scroll            |     4 |     4 |    16 |    12 |     9 |    11 |    19 |    12 |     9 ||    96
       Potion            |     1 |       |     1 |     2 |       |    11 |    12 |     3 |    15 ||    45
 Stab: Sleeping          |     1 |     3 |     3 |     4 |    12 |     6 |     6 |     1 |       ||    36
       Distracted        |     1 |       |     2 |    13 |    31 |    18 |    26 |    11 |       ||   102
       Paralysed         |       |       |     1 |       |       |       |       |       |       ||     1
       Confused          |       |       |       |     1 |     2 |       |       |       |       ||     3
       Invisible         |       |       |       |       |       |     1 |       |       |       ||     1
  Eat: Chunk             |     3 |    15 |    19 |    29 |    36 |    15 |    27 |    23 |    10 ||   177
       Ration            |       |       |     1 |     3 |     1 |     6 |     1 |     4 |     5 ||    21
Armor: Robe              |    22 |     6 |       |       |       |       |       |       |       ||    28
       Leather armour    |       |    20 |       |       |       |       |       |       |       ||    20
       Ring mail         |       |    19 |   156 |   203 |   352 |    34 |    47 |       |       ||   811
       Swamp dragon scal |       |       |       |       |    13 |   173 |       |       |       ||   186
       Scale mail        |       |       |       |       |       |     7 |    16 |   162 |       ||   185
       Skin              |       |       |       |       |       |    12 |       |       |       ||    12
       Fire dragon scale |       |       |       |       |       |       |   245 |   295 |   203 ||   743
       Acid dragon scale |       |       |       |       |       |       |       |   107 |    50 ||   157
Dodge: Dodged            |    56 |    87 |   299 |   586 |   809 |   384 |   584 |   734 |   340 ||  3879
       Deflected         |       |       |       |       |       |       |    36 |    21 |     2 ||    59
Block: Other             |       |       |       |    71 |    83 |       |       |       |       ||   154
       Shield            |       |       |       |       |   410 |  1045 |  1449 |  1594 |   663 ||  5161
       Reflection        |       |       |       |       |     6 |   144 |    65 |       |       ||   215
       Rpst.: Scimitar   |       |       |       |       |    45 |    65 |       |       |       ||   110
       Demon blade       |       |       |       |       |       |     4 |    87 |   132 |    30 ||   253

Levels and vault maps discovered:
D:1:      wander_arrival_fairy_ring, layout_basic
D:2:      layout_rooms, lemuel_crystal_altar,
          chequers_ecumenical_altar_simple_redux, uniq_terence, uniq_sigmund,
          uniq_jessica
D:3:      layout_loops_ring, gammafunk_temple_overflow_statue
D:4:      layout_loops_ring, minmay_temple_entry_slanted, serial_shops,
          shop_fountains, first_ration, okawaru_gym_becter
D:5:      corexii_shack_village, layout_loops_corners, serial_shops,
          kennysheep_little_box, grunt_decor_cap
D:6:      layout_basic, fedhas_ov_isle_minmay, uniq_menkaure, uniq_grinder
D:7:      layout_basic, gammafunk_temple_overflow_wave, enter_bailey_3,
          uniq_duvessa
D:8:      layout_basic, serial_shops, shop, grunt_pizzeria
D:9:      layout_basic, orc_0_dummy
D:10:     minmay_the_grid_3x2 [minmay_the_grid_fan, minmay_the_grid_armoury,
          minmay_the_grid_dragon_b, minmay_the_grid_minigrid_small_alt,
          minmay_the_grid_box_x, minmay_the_grid_prize_inner_circle],
          layout_loops_ring, serial_shops, kennysheep_mini
D:11:     layout_roguey, dpeg_oklobed_lair, lemuel_tele_altar, uniq_fannar
D:12:     layout_cave_pods, uniq_psyche
D:13:     layout_layer_cave, special_room [special_room_orc]
D:14:     layout_roguey, grunt_vaults_entry_tiered
D:15:     gammafunk_depths_entry_grave, layout_basic, serial_glass,
          glass_columns_b, glass_columns_a
Temple:   lightli_temple_of_artemis
Lair:1:   wander_river, layout_small_grid
Lair:2:   layout_regular_city, fungi_pond_lemuel, serial_bayou_shore_b
Lair:3:   layout_big_grid, portal_ice_cave_entry_ice_beasts, minmay_holes
Lair:4:   layout_cave_pods, swamp_mist_pool, dummy_snake_entry, uniq_urug
Lair:5:   layout_small_grid, minmay_slime_entry_jelly_boxes, special_room
          [special_room_bee], lemuel_oklob_altar, grunt_megastairs_3, uniq_kirke
Lair:6:   evilmike_catoblepas_cave, layout_hall_layers, uniq_rupert
Swamp:1:  layout_basic_swamp, evilmike_swamp_ruin_house_6
Swamp:2:  layout_falls_marsh, infiniplex_staircase_pool, swamp_pool1,
          uniq_louise, uniq_roxanne
Swamp:3:  layout_falls_marsh, nicolae_swamp_treefoil,
          infiniplex_staircase_pool_2
Swamp:4:  swamp_alternative, layout_basic_swamp
Snake:1:  layout_honeycomb
Snake:2:  layout_chambers
Snake:3:  layout_layer_cave, grunt_megastairs_4
Snake:4:  johnstein_snake_rune_scales, layout_basic, ebering_ghost_inner_flame
Slime:1:  layout_caves, cheibrodos_slime_lost_civilization_6
Slime:2:  layout_caves
Slime:3:  cheibrodos_slime_lost_civilization_2, layout_caves
Slime:4:  layout_caves
Slime:5
Orc:1:    layout_caves
Orc:2:    pubby_orc_utopia, uniq_sonja
Elf:1:    eino_elf_arrival_the_gate, layout_loops_corners, serial_shops, shop,
          minmay_elf_demonology
Elf:2:    layout_geoelf_grid, minivault_16
Elf:3:    minmay_elf_hall_spiked, layout_geoelf_octagon
Vaults:1: gammafunk_vaults_ghost_split, v_misc_15, v_rooms_1, v_pattern_2,
          nicolae_vaults_network_barrier, nicolae_vaults_little_squares_6,
          v_misc_11, nicolae_vaults_theta, nicolae_vaults_rhombus_7,
          nicolae_vaults_network_quinsquares
          [nicolae_vaults_network_quincunx_subvault,
          nicolae_vaults_network_quincunx_subvault,
          nicolae_vaults_network_quincunx_subvault,
          nicolae_vaults_network_quincunx_subvault], layout_vaults_big_cross
Vaults:2: vaults_dpeg_hooks, nicolae_vaults_murderbox, hangedman_vaults_cutoff,
          nicolae_vaults_three_branches, v_pattern_3, vaults_room_pools,
          hangedman_vaults_slice, ontoclasm_vaults_eye, layout_vaults_omnigrid,
          minmay_crypt_entry_necro_gods, uniq_nikola, uniq_mara
Vaults:3: grunt_vaults_bifocal, v_misc_28, dpeg_vaults_monster_box, v_pattern_1,
          hangedman_vaults_cutoff, nicolae_vaults_mini_display_case,
          ontoclasm_vaults_claustrophobia, ontoclasm_vaults_gallery,
          vaults_room_hallway, nicolae_vaults_yaktaur_gun_rack,
          ontoclasm_vaults_decontamination, vaults_room_pools,
          layout_vaults_ring, serial_shops, bzr_entry_water,
          nicolae_shop_competitors_out_of_business, nicolae_trove_entry_columns
Vaults:4: nicolae_vaults_border_crossing, nicolae_vaults_network_s,
          dpeg_vaults_waves, v_misc_1, v_misc_33, hangedman_vaults_variations,
          vaults_room_door_hall, ontoclasm_vaults_fault,
          ontoclasm_vaults_ligature, ontoclasm_vaults_shuriken,
          layout_vaults_omnibox
Vaults:5
Depths:1: layout_gridville, lightli_too_deep, minmay_misc_feat_iff,
          serial_rivers, chequers_serial_rivers_micro_e,
          chequers_serial_rivers_micro_a, chequers_serial_rivers_room_a,
          chequers_serial_rivers_room_b, sword_in_stone
Depths:2: grunt_forest_end_shrine, layout_long_grid, serial_shops,
          bzr_entry_customers, grunt_hell_entry_dis_grunt, kennysheep_path_1
Depths:3: kennysheep_blocky_hall, layout_basic, hell_entry,
          kennysheep_cross_room, grunt_pan_entry_sceptre, serial_shops, shop,
          uniq_jory, uniq_frederick, uniq_margery
Depths:4: minmay_glassy_protrusions, layout_gridlike, enter_ziggurat_f,
          special_room [special_room_morgue], hell_entry,
          chequers_serial_rivers_micro_a, abyss_entry, firewood_loft,
          infiniplex_staircase_hallway_doors
Depths:5: grunt_crosshair, layout_cave_pools, corexii_corridor_pit,
          pf_hell_entry_great_geh, minmay_st_funbox, horrible_house_mu
Hell
Abyss:2:  base: D:4, serial_sigils_hangedman_quiver, hangedman_decor_lopped,
          abyss_greek_temple, base: Vaults:1, guppyfry_abyss_exit_glass_guarded,
          hangedman_glass_garden, guppyfry_abyss_exit_glass_guarded,
          hangedman_decor_points

Notes
Turn   | Place    | Note
-------+----------+-------------------------------------------
     0 | D:1      | pentaxis93 the Barachi Summoner began the quest for the
                  | Orb.
     0 | D:1      | Reached XP level 1. HP: 13/13 MP: 3/3
   531 | D:1      | Reached skill level 1 in Fighting
   830 | D:1      | Reached XP level 2. HP: 21/22 MP: 1/5
   835 | D:1      | Reached skill level 2 in Fighting
  1076 | D:2      | Noticed Sigmund
  1171 | D:3      | Learned a level 2 spell: Call Imp
  1232 | D:2      | Reached skill level 3 in Fighting
  1232 | D:2      | Reached XP level 3. HP: 29/29 MP: 1/6
  1285 | D:2      | Found a faded altar of an unknown god.
  1308 | D:2      | Noticed Jessica
  1320 | D:2      | Killed Jessica
  1629 | D:2      | Found a radiant altar of Vehumet.
  1661 | D:2      | Noticed Terence
  1693 | D:2      | Killed Terence
  1693 | D:2      | Reached skill level 4 in Fighting
  1693 | D:2      | Reached XP level 4. HP: 37/37 MP: 1/7
  1751 | D:3      | Learned a level 3 spell: Call Canine Familiar
  1859 | D:3      | Found a hide-covered altar of Uskayaw.
  1860 | D:3      | Found an iron altar of Okawaru.
  2321 | D:3      | Reached skill level 5 in Fighting
  2832 | D:3      | Reached skill level 2 in Stealth
  2969 | D:4      | Found a staircase to the Ecumenical Temple.
  2980 | Temple   | Entered the Ecumenical Temple
  3075 | Temple   | Became a worshipper of Cheibriados the Contemplative
  3143 | D:4      | Noticed an ogre
  3212 | D:4      | Reached XP level 5. HP: 44/44 MP: 8/8
  3476 | D:4      | Found an iron altar of Okawaru.
  3501 | D:4      | Reached skill level 3 in Dodging
  3747 | D:4      | Found Jioxt's Magic Scroll Shoppe.
  3757 | D:4      | Bought a scroll of remove curse for 33 gold pieces
  3757 | D:4      | Bought a scroll of fear for 38 gold pieces
  3757 | D:4      | Bought a scroll of blinking for 82 gold pieces
  3946 | D:4      | Killed an ogre
  3947 | D:4      | Reached skill level 3 in Spellcasting
  4195 | D:4      | Learned a level 3 spell: Summon Guardian Golem
  4236 | D:5      | Entered Level 5 of the Dungeon
  4376 | D:5      | Noticed a sky beast
  4428 | D:5      | Reached skill level 3 in Stealth
  4428 | D:5      | Reached XP level 6. HP: 40/51 MP: 6/10
  4663 | D:5      | Reached * piety under Cheibriados
  4701 | D:5      | Reached skill level 1 in Hexes
  5224 | D:4      | Reached skill level 2 in Hexes
  5224 | D:4      | Reached skill level 1 in Evocations
  5279 | D:5      | Reached skill level 1 in Invocations
  5473 | D:5      | Reached skill level 5 in Summonings
  5473 | D:5      | Reached XP level 7. HP: 50/56 MP: 8/11
  5758 | D:5      | Found Xatyazaf's Weapon Shoppe.
  5952 | D:5      | Reached skill level 2 in Evocations
  5996 | D:5      | Reached ** piety under Cheibriados
  6064 | D:5      | Reached skill level 4 in Dodging
  6084 | D:5      | Reached skill level 4 in Spellcasting
  6259 | D:5      | Reached skill level 2 in Invocations
  6495 | D:6      | Learned a level 4 spell: Summon Ice Beast
  6576 | D:4      | Bought a scroll of identify for 22 gold pieces
  6576 | D:4      | Bought a scroll of identify for 22 gold pieces
  6576 | D:4      | Bought a scroll of identify for 22 gold pieces
  6726 | D:6      | Reached skill level 1 in Ice Magic
  6900 | D:6      | Reached XP level 8. HP: 27/62 MP: 3/14
  7063 | D:5      | Reached skill level 2 in Ice Magic
  7063 | D:5      | Reached skill level 3 in Evocations
  7529 | D:6      | Noticed Menkaure
  7542 | D:6      | Killed Menkaure
  7542 | D:6      | Reached skill level 3 in Ice Magic
  7565 | D:6      | Reached skill level 3 in Invocations
  7803 | D:6      | Reached skill level 4 in Stealth
  7842 | D:6      | Reached *** piety under Cheibriados
  7868 | D:6      | Found a blossoming altar of Fedhas.
  7889 | D:6      | Noticed Grinder
  8318 | D:7      | Found a flagged portal.
  8328 | Bailey   | Entered a bailey
  8336 | Bailey   | Reached skill level 6 in Summonings
  8336 | Bailey   | Reached skill level 4 in Evocations
  9163 | Bailey   | Reached XP level 9. HP: 59/68 MP: 2/15
  9908 | Bailey   | Identified the +4 executioner's axe "Jellyslayer"
                  | {antimagic, SInv}
  9943 | Bailey   | Reached skill level 7 in Summonings
  9949 | Bailey   | Learned a level 4 spell: Summon Lightning Spire
 10383 | Bailey   | Reached skill level 1 in Air Magic
 10467 | Bailey   | Reached skill level 6 in Fighting
 10467 | Bailey   | Reached skill level 4 in Invocations
 10562 | Bailey   | Reached skill level 2 in Air Magic
 10562 | Bailey   | Reached skill level 5 in Evocations
 10858 | Bailey   | Reached **** piety under Cheibriados
 11068 | Bailey   | Upgraded the game from 0.25-a0-458-g6fc7858b95 to
                  | 0.25-a0-460-g4f2eb97ec1
 11204 | D:7      | Found a shattered altar of Ashenzari.
 11204 | D:7      | Found a sacrificial altar of Ru.
 11370 | D:7      | Reached skill level 3 in Air Magic
 11900 | D:7      | Noticed Duvessa
 11900 | D:7      | Noticed Dowan
 12676 | D:8      | Reached skill level 5 in Spellcasting
 12816 | D:8      | Reached skill level 7 in Fighting
 12883 | D:8      | Found Semneuv's Weapon Shoppe.
 13178 | D:8      | Reached XP level 10. HP: 63/79 MP: 18/18
 13348 | D:8      | Got an ichor-stained cloak
 13359 | D:8      | Identified the +1 cloak of the Elephant {rElec rF+ Dex+3
                  | SInv} (You found it on level 8 of the Dungeon)
 13604 | D:9      | Reached skill level 5 in Invocations
 13604 | D:9      | Reached skill level 6 in Evocations
 13789 | D:9      | Noticed a two-headed ogre
 13801 | D:9      | Reached ***** piety under Cheibriados
 13805 | D:9      | Killed a two-headed ogre
 13963 | D:9      | Learned a level 1 spell: Apportation
 14142 | D:9      | Noticed a two-headed ogre
 14149 | D:9      | Killed a two-headed ogre
 14206 | D:9      | Reached skill level 5 in Dodging
 14206 | D:9      | Reached skill level 6 in Invocations
 14278 | D:9      | Found a staircase to the Orcish Mines.
 14472 | D:10     | Entered Level 10 of the Dungeon
 14864 | D:10     | Found Siolegou's Antique Armour Shop.
 14867 | D:10     | Bought a smoking ring mail for 234 gold pieces
 14877 | D:10     | Identified the +2 ring mail "Atom Liy" {rElec rPois Dex-2}
                  | (You bought it in a shop on level 10 of the Dungeon)
 14914 | D:10     | Noticed an orc knight
 14933 | D:10     | Killed an orc knight
 15091 | D:10     | Noticed an ice dragon
 15420 | D:10     | Reached skill level 8 in Fighting
 15689 | D:9      | Identified a scroll of acquirement
 15840 | D:4      | Bought a scroll of enchant weapon for 82 gold pieces
 15840 | D:4      | Bought a scroll of teleportation for 33 gold pieces
 15840 | D:4      | Bought a scroll of teleportation for 33 gold pieces
 15840 | D:4      | Bought a scroll of fear for 38 gold pieces
 15980 | D:6      | Killed Grinder
 16290 | D:2      | Killed Sigmund
 16290 | D:2      | Reached skill level 7 in Evocations
 16569 | D:7      | Killed Duvessa
 16765 | D:7      | Killed Dowan
 16976 | D:10     | Bought a shiny scale mail for 182 gold pieces
 17191 | D:11     | Found an iron altar of Okawaru.
 17220 | D:11     | Noticed Fannar
 17256 | D:11     | Killed Fannar
 17256 | D:11     | Reached skill level 7 in Invocations
 17364 | D:11     | Reached skill level 6 in Dodging
 17364 | D:11     | Reached XP level 11. HP: 66/87 MP: 19/19
 17492 | D:11     | Noticed an oklob plant
 17658 | D:11     | Killed an oklob plant
 17741 | D:11     | Found a staircase to the Lair.
 17990 | D:11     | Reached ****** piety under Cheibriados
 18395 | D:11     | Noticed a manticore
 18407 | D:11     | Killed a manticore
 18708 | Lair:1   | Entered Level 1 of the Lair of Beasts
 18960 | Lair:1   | Reached skill level 9 in Fighting
 19777 | Lair:2   | Reached skill level 8 in Invocations
 19911 | Lair:2   | Noticed a catoblepas
 19935 | Lair:2   | Killed a catoblepas
 19935 | Lair:2   | Reached skill level 1 in Armour
 19935 | Lair:2   | Reached skill level 8 in Evocations
 20437 | Lair:2   | Reached skill level 2 in Armour
 21102 | Lair:2   | Upgraded the game from 0.25-a0-460-g4f2eb97ec1 to
                  | 0.25-a0-464-g3004169c2b
 21298 | Lair:3   | Reached skill level 3 in Armour
 21390 | Lair:3   | Reached skill level 9 in Invocations
 21498 | Lair:3   | Found a frozen archway.
 21519 | Lair:3   | Reached XP level 12. HP: 97/97 MP: 8/20
 21524 | Lair:3   | Reached skill level 4 in Armour
 21526 | Lair:3   | Reached skill level 10 in Fighting
 21556 | Lair:3   | Reached skill level 9 in Evocations
 21671 | Lair:3   | Noticed an eight-headed hydra
 22169 | Lair:4   | Noticed Urug
 22570 | Lair:4   | Found a staircase to the Snake Pit.
 22774 | Lair:4   | Found a staircase to the Swamp.
 23266 | Lair:5   | Noticed a five-headed hydra
 23307 | Lair:5   | Noticed Kirke
 23338 | Lair:5   | Killed Kirke
 23338 | Lair:5   | Reached skill level 5 in Armour
 23502 | Lair:5   | Learned a level 1 spell: Summon Butterflies
 23557 | Lair:5   | Found a shimmering altar of Xom.
 23681 | Lair:5   | Found a staircase to the Slime Pits.
 23762 | Lair:5   | Reached skill level 10 in Invocations
 24380 | Lair:5   | Reached skill level 3 in Hexes
 24901 | Lair:5   | Killed a five-headed hydra
 25109 | Lair:5   | Reached skill level 6 in Armour
 25165 | Lair:5   | Identified the Compendium of the Sneaky Continents
 25171 | Lair:5   | Learned a level 3 spell: Mephitic Cloud
 25319 | Lair:4   | Killed Urug
 25502 | Lair:5   | Reached skill level 1 in Poison Magic
 26380 | Lair:5   | Reached skill level 2 in Poison Magic
 26785 | Lair:6   | Entered Level 6 of the Lair of Beasts
 26980 | D:10     | Killed an ice dragon
 26980 | D:10     | Reached skill level 1 in Conjurations
 27694 | D:10     | Reached skill level 2 in Conjurations
 27715 | D:10     | Reached skill level 6 in Spellcasting
 28041 | D:10     | Learned a level 3 spell: Tukima's Dance
 28361 | D:12     | Noticed Psyche
 28368 | D:12     | Killed Psyche
 28368 | D:12     | Reached skill level 7 in Armour
 28368 | D:12     | Gained mutation: You can hop long distances. [Barachi
                  | growth]
 28368 | D:12     | Reached XP level 13. HP: 105/105 MP: 17/22
 28619 | D:12     | Identified the +1 hand crossbow of Xiforapt {freeze, rPois
                  | MP-9 Dex+3}
 29771 | D:13     | Reached skill level 4 in Hexes
 29789 | D:13     | Reached skill level 7 in Spellcasting
 32249 | D:14     | Reached skill level 8 in Armour
 32249 | D:14     | Reached skill level 8 in Spellcasting
 32249 | D:14     | Reached skill level 5 in Hexes
 32436 | D:14     | Reached skill level 11 in Invocations
 32488 | D:14     | Reached skill level 11 in Fighting
 32748 | D:14     | Found a gate to the Vaults.
 32748 | D:14     | Noticed a vault guard
 32748 | D:14     | Noticed a vault guard
 32748 | D:14     | Noticed a vault guard
 32791 | D:14     | Reached skill level 6 in Hexes
 33714 | D:14     | Killed a vault guard
 33753 | D:14     | Killed a vault guard
 33762 | D:14     | Killed a vault guard
 33967 | D:15     | Entered Level 15 of the Dungeon
 34004 | D:15     | Reached skill level 1 in Shields
 34313 | D:15     | Noticed a fire dragon
 34327 | D:15     | Killed a fire dragon
 34327 | D:15     | Reached skill level 2 in Shields
 34758 | D:15     | Reached skill level 9 in Armour
 34766 | D:15     | Reached skill level 3 in Shields
 34985 | D:15     | Reached XP level 14. HP: 113/113 MP: 20/26
 35172 | D:15     | Found a staircase to the Depths.
 35803 | D:15     | Reached skill level 4 in Shields
 35803 | D:15     | Reached skill level 7 in Hexes
 36197 | Orc:1    | Entered Level 1 of the Orcish Mines
 36216 | Orc:1    | Noticed an orc warlord
 36223 | Orc:1    | Killed an orc warlord
 36770 | Orc:2    | Entered Level 2 of the Orcish Mines
 36836 | Orc:2    | Noticed Sonja
 36853 | Orc:2    | Reached skill level 5 in Shields
 36853 | Orc:2    | Killed Sonja
 37596 | Orc:2    | Found a roughly hewn altar of Beogh.
 37780 | Orc:2    | Reached skill level 12 in Fighting
 37966 | D:10     | Learned a level 6 spell: Invisibility
 38069 | Orc:2    | Found Gangapp's Distillery.
 38082 | Orc:2    | Reached skill level 6 in Shields
 38385 | Orc:2    | Bought a potion of heal wounds for 60 gold pieces
 38385 | Orc:2    | Bought a potion of heal wounds for 60 gold pieces
 38385 | Orc:2    | Bought a potion of curing for 36 gold pieces
 38385 | Orc:2    | Bought a potion of curing for 36 gold pieces
 38500 | Orc:2    | Found Elearet's Assorted Antiques.
 38523 | Orc:2    | Bought a cabochon ring for 165 gold pieces
 39297 | Orc:2    | Noticed an orc warlord
 39313 | Orc:2    | Killed an orc warlord
 39313 | Orc:2    | Reached skill level 8 in Hexes
 39692 | Orc:2    | Found Xuasi's Armour Boutique.
 39734 | Orc:2    | Reached skill level 7 in Shields
 39809 | Orc:2    | Found a roughly hewn altar of Beogh.
 39996 | Orc:2    | Found Hiumawaq's Armour Emporium.
 40231 | Orc:2    | Found a staircase to the Elven Halls.
 40421 | Orc:2    | Bought a potion of cancellation for 96 gold pieces
 40421 | Orc:2    | Bought a potion of brilliance for 48 gold pieces
 40421 | Orc:2    | Bought a potion of mutation for 96 gold pieces
 40421 | Orc:2    | Bought a potion of mutation for 96 gold pieces
 40421 | Orc:2    | Bought a potion of agility for 48 gold pieces
 40421 | Orc:2    | Bought a potion of brilliance for 48 gold pieces
 40477 | Orc:2    | Bought a +1 pair of boots of stealth for 231 gold pieces
 41009 | Lair:6   | Noticed Rupert
 41056 | Lair:6   | Killed Rupert
 41183 | Lair:6   | Reached skill level 12 in Invocations
 41189 | Lair:6   | Reached skill level 8 in Shields
 41367 | Lair:6   | Reached XP level 15. HP: 122/122 MP: 12/27
 42053 | Lair:6   | Reached skill level 9 in Hexes
 42089 | Lair:6   | Reached skill level 9 in Shields
 42094 | Lair:6   | Reached skill level 13 in Fighting
 43075 | Swamp:1  | Entered Level 1 of the Swamp
 43284 | Swamp:1  | Reached skill level 1 in Long Blades
 43647 | Swamp:1  | Reached skill level 2 in Long Blades
 44359 | Swamp:2  | Reached skill level 3 in Long Blades
 44558 | Swamp:2  | Identified Roxanne's Grimoire of the Mountains
 44558 | Swamp:2  | Noticed Roxanne
 44585 | Swamp:2  | Noticed a thorn hunter
 44616 | Swamp:2  | Killed a thorn hunter
 44744 | Swamp:2  | Reached skill level 4 in Long Blades
 45079 | Swamp:2  | Reached skill level 10 in Shields
 45193 | Swamp:2  | Reached skill level 5 in Long Blades
 46307 | Swamp:2  | Identified the +2 large shield "Ereheigeich" {Stlth+}
 46307 | Swamp:2  | Noticed Louise
 46308 | Swamp:2  | Noticed a thorn hunter
 46508 | Swamp:3  | Reached skill level 6 in Long Blades
 47918 | Snake:1  | Entered Level 1 of the Snake Pit
 48394 | Snake:1  | Reached skill level 7 in Long Blades
 48394 | Snake:1  | Reached XP level 16. HP: 132/132 MP: 24/28
 48807 | Lair:4   | Upgraded the game from 0.25-a0-464-g3004169c2b to
                  | 0.25-a0-471-g78e40d7af6
 48985 | Snake:1  | You fall into a shaft and drop 1 floor!
 49011 | Snake:1  | Learned a level 2 spell: Passwall
 49169 | Snake:1  | Reached skill level 14 in Fighting
 49466 | Snake:2  | Reached skill level 8 in Long Blades
 49704 | Snake:2  | Reached skill level 1 in Transmutations
 49814 | Snake:2  | Reached skill level 1 in Earth Magic
 49876 | Snake:2  | Noticed a nagaraja
 49883 | Snake:2  | Killed a nagaraja
 50282 | Snake:2  | Reached skill level 13 in Invocations
 51065 | Snake:2  | Reached skill level 2 in Transmutations
 51667 | Snake:3  | Reached skill level 11 in Shields
 51675 | Snake:3  | Reached skill level 9 in Long Blades
 51816 | Snake:3  | Noticed a nagaraja
 51830 | Snake:3  | Killed a nagaraja
 52486 | Snake:3  | Noticed a nagaraja
 52502 | Snake:3  | Killed a nagaraja
 52802 | Snake:3  | Reached skill level 2 in Earth Magic
 53092 | Snake:3  | Reached skill level 10 in Long Blades
 54659 | Swamp:2  | Cast into level 2 of the Abyss (Louise)
 54761 | Abyss:2  | Noticed a tentacled starspawn
 54918 | Abyss:2  | Noticed a Hell Sentinel
 55031 | Abyss:2  | Paralysed by a great orb of eyes for 2 turns
 55275 | Swamp:2  | Escaped the Abyss
 55290 | Swamp:2  | Killed a thorn hunter
 55297 | Swamp:2  | Killed Louise
 55840 | Swamp:2  | Killed Roxanne
 55901 | Swamp:4  | Entered Level 4 of the Swamp
 55928 | Swamp:4  | Reached XP level 17. HP: 140/140 MP: 29/29
 55956 | Swamp:4  | Reached skill level 15 in Fighting
 55956 | Swamp:4  | Reached skill level 11 in Long Blades
 56639 | Swamp:4  | Noticed the 27-headed Lernaean hydra
 57132 | Snake:4  | Entered Level 4 of the Snake Pit
 57171 | Snake:4  | Reached skill level 12 in Shields
 57876 | Snake:4  | Found a runed translucent door.
 57877 | Snake:4  | Noticed Beaer's ghost (journeyman VSEn)
 58283 | Snake:4  | Killed Beaer's ghost
 58283 | Snake:4  | Reached skill level 12 in Long Blades
 59631 | Snake:4  | Reached skill level 13 in Long Blades
 60766 | Snake:4  | Reached skill level 16 in Fighting
 60904 | Snake:4  | Noticed Vashnia
 60905 | Snake:4  | Upgraded the game from 0.25-a0-471-g78e40d7af6 to
                  | 0.25-a0-474-ga8a2ee3166
 60931 | Snake:4  | Killed Vashnia
 60993 | Snake:4  | Reached skill level 14 in Long Blades
 60997 | Snake:4  | Reached skill level 13 in Shields
 61005 | Snake:4  | Got a serpentine rune of Zot
 61558 | Vaults:1 | Entered Level 1 of the Vaults
 61568 | Vaults:1 | Reached XP level 18. HP: 151/151 MP: 30/30
 62792 | Vaults:1 | Reached skill level 14 in Shields
 63642 | Vaults:1 | Found a runed translucent gate.
 63642 | Vaults:1 | Found a runed translucent gate.
 63642 | Vaults:1 | Found a runed translucent gate.
 63659 | Vaults:1 | Reached skill level 9 in Spellcasting
 63700 | Vaults:1 | Noticed Gall2222's ghost (adept MiBe)
 63813 | Vaults:1 | Killed Gall2222's ghost
 65082 | Vaults:2 | Noticed Nikola
 65096 | Vaults:2 | Killed Nikola
 65096 | Vaults:2 | Reached skill level 17 in Fighting
 65096 | Vaults:2 | Reached skill level 15 in Shields
 65493 | Vaults:2 | Noticed Mara
 65496 | Vaults:2 | Noticed pentaxis93's illusion
 65537 | Vaults:2 | Killed Mara
 65910 | Vaults:2 | Reached skill level 7 in Dodging
 66031 | Vaults:2 | Reached XP level 19. HP: 161/161 MP: 32/32
 66881 | Vaults:2 | Reached skill level 4 in Air Magic
 66972 | Vaults:2 | Found a staircase to the Crypt.
 66972 | Vaults:2 | Found a basalt altar of Yredelemnul.
 66973 | Vaults:2 | Found an ancient bone altar of Kikubaaqudgha.
 67374 | Vaults:2 | Reached skill level 10 in Armour
 67652 | Vaults:3 | Found a flickering gateway to a bazaar.
 67661 | Bazaar   | Entered a bazaar
 67661 | Bazaar   | Found Wihecari's General Store.
 67661 | Bazaar   | Found Uweocymu's Antique Weapon Shop.
 67683 | Bazaar   | Found Izoff's Antique Armour Shop.
 67756 | Bazaar   | Bought a scroll of holy word for 67 gold pieces
 67756 | Bazaar   | Bought a potion of agility for 36 gold pieces
 67756 | Bazaar   | Bought a potion of mutation for 72 gold pieces
 67769 | Bazaar   | Bought a glowing plate armour for 624 gold pieces
 68140 | Vaults:3 | Reached skill level 5 in Air Magic
 68922 | Vaults:3 | Reached skill level 6 in Air Magic
 69013 | Vaults:3 | Found Cofyv's Gadget Boutique.
 69151 | Vaults:3 | Reached skill level 8 in Dodging
 69447 | Vaults:3 | Found a portal to a secret trove of treasure.
 69737 | D:10     | Bought the +3 salamander hide armour {+Rage rF++} for 1170
                  | gold pieces
 69737 | D:10     | Found the +3 salamander hide armour {+Rage rF++}
 70029 | Vaults:3 | You paid a toll of the salamander hide armour to enter a
                  | treasure trove
 70030 | Trove    | Entered a treasure trove
 70039 | Trove    | Got smelly steam dragon scales
 70043 | Trove    | Identified the +1 steam dragon scales "Isoec" {rC+ rN+
                  | Str+2 Int+3} (You found it in a treasure trove)
 70053 | Trove    | Got a sparkling marble ring
 70054 | Trove    | Identified the ring "Wuezui" {rC++ rCorr Str-4 Int+6} (You
                  | found it in a treasure trove)
 70065 | Trove    | Got a smoking marble ring
 70066 | Trove    | Identified the ring of Devotion {rPois Int+4 Stlth+} (You
                  | found it in a treasure trove)
 70080 | Trove    | Identified the +2 pair of gloves of Foolhardiness {rPois
                  | Int+6 Dex-5 SInv} (You found it in a treasure trove)
 70225 | Vaults:3 | Reached skill level 7 in Air Magic
 70793 | Vaults:4 | Reached skill level 11 in Armour
 70802 | Vaults:4 | Reached skill level 8 in Air Magic
 71248 | Vaults:4 | Reached skill level 9 in Dodging
 71260 | Vaults:3 | Reached skill level 18 in Fighting
 71274 | Vaults:3 | Reached skill level 9 in Air Magic
 71701 | Vaults:4 | Reached XP level 20. HP: 160/170 MP: 33/33
 71986 | Vaults:4 | Reached skill level 10 in Air Magic
 72649 | Vaults:4 | Reached skill level 11 in Air Magic
 72796 | Vaults:4 | Learned a level 6 spell: Deflect Missiles
 73512 | Vaults:4 | Reached skill level 12 in Air Magic
 74097 | Lair:3   | Got a coiled platinum amulet
 74100 | Lair:3   | Identified the amulet "Uhaocvad" {*Drain rC+ MR+ Regen+}
                  | (You found it on level 3 of the Lair of Beasts)
 74273 | Depths:1 | Entered Level 1 of the Depths
 74443 | D:15     | Reached skill level 19 in Fighting
 74669 | Depths:1 | Reached skill level 13 in Air Magic
 74724 | Depths:1 | Learned a level 2 spell: Blink
 74767 | Depths:1 | Found a gateway to Hell.
 74831 | Depths:1 | Reached skill level 1 in Translocations
 74902 | Depths:1 | Noticed Agnes
 74915 | Depths:1 | Killed Agnes
 75571 | Depths:1 | Reached XP level 21. HP: 181/181 MP: 34/34
 75613 | Depths:2 | Reached skill level 14 in Air Magic
 75663 | Depths:2 | Found a flickering gateway to a bazaar.
 75849 | Bazaar   | Entered a bazaar
 75854 | Bazaar   | Found Veopioh's Jewellery Shop.
 75854 | Bazaar   | Found Xahe's Book Boutique.
 75877 | Bazaar   | Bought Lufiowna's Guide on Arcane Weapons for 825 gold
                  | pieces
 76188 | Depths:2 | Reached skill level 15 in Air Magic
 76277 | Depths:2 | Reached skill level 10 in Spellcasting
 76284 | Depths:2 | Learned a level 5 spell: Lightning Bolt
 76677 | Depths:2 | Reached skill level 20 in Fighting
 77349 | Depths:2 | Identified the cursed +3 hand axe of the End {elec, rElec
                  | MR+++ Str-5 Stlth+}
 77537 | Depths:2 | Identified the ring "Imaggi" {rPois rF+ rN+ Int+5 Slay-6}
 77602 | Depths:2 | Identified the ring "Takhuot" {Ice +Fly}
 77602 | Depths:2 | Noticed the Enchantress
 77612 | Depths:2 | Found a radiant altar of Vehumet.
 77652 | Depths:2 | Killed the Enchantress
 78132 | Depths:3 | Noticed Jory
 78147 | Depths:3 | Killed Jory
 78147 | Depths:3 | Reached skill level 16 in Air Magic
 78374 | Depths:3 | Found a one-way gate leading to the halls of Pandemonium.
 78621 | Depths:3 | Noticed Margery
 78643 | Depths:3 | Killed Margery
 78781 | Depths:3 | Noticed Frederick
 78796 | Depths:3 | Killed Frederick
 78796 | Depths:3 | Reached XP level 22. HP: 192/192 MP: 36/36
 78829 | Depths:3 | You fall into a shaft and drop 2 floors!
 78829 | Depths:5 | Entered Level 5 of the Depths
 78901 | Depths:5 | Reached skill level 11 in Spellcasting
 79120 | Depths:4 | Noticed a juggernaut
 79149 | Depths:4 | Killed a juggernaut
 79151 | Depths:4 | Reached skill level 17 in Air Magic
 79207 | Depths:4 | Found a gateway to a ziggurat.
 79350 | Depths:3 | Found Huidedic's Jewellery Shoppe.
 80530 | Depths:4 | Paralysed by a vampire knight for 6 turns
 80762 | Depths:4 | Reached skill level 21 in Fighting
 80898 | Depths:4 | Reached skill level 12 in Spellcasting
 81020 | Depths:4 | Noticed an ancient lich
 81035 | Depths:4 | Reached skill level 18 in Air Magic
 81862 | Swamp:4  | Got a decaying rune of Zot
 81879 | Swamp:4  | Killed the 27-headed Lernaean hydra
 82272 | Swamp:4  | Upgraded the game from 0.25-a0-474-ga8a2ee3166 to
                  | 0.25-a0-479-g8579842fd4
 82749 | Depths:4 | Killed an ancient lich
 83327 | Depths:4 | Found a one-way gate to the infinite horrors of the Abyss.
 83429 | Depths:4 | Reached XP level 23. HP: 195/200 MP: 39/39
 83511 | Depths:4 | Identified the Reference Book on Evil Rituals
 83809 | Depths:5 | Noticed a golden dragon
 84177 | Depths:5 | Killed a golden dragon
 84177 | Depths:5 | Reached skill level 19 in Air Magic
 84769 | Depths:5 | Found a gate to the Realm of Zot.
 84869 | Depths:5 | Found a runed translucent door.
 84879 | Depths:5 | Paralysed by a floating eye for 2 turns
 84888 | Depths:5 | Reached skill level 13 in Spellcasting
 85206 | Depths:5 | Identified the +6 glaive "Zamusoec" {vorpal, -Tele MP+9
                  | Int+4}
 85747 | Depths:5 | Got a pair of fine boots
 85753 | Depths:5 | Identified the +3 pair of boots of Weightlessness {Regen+
                  | Str+4} (You found it on level 5 of the Depths)
 86381 | Elf:1    | Entered Level 1 of the Elven Halls
 87129 | Elf:1    | Identified the Incunabulum of Creation
 87166 | Elf:1    | Found Iniuf's Distillery.
 87178 | Elf:1    | Bought a potion of agility for 68 gold pieces
 87178 | Elf:1    | Bought a potion of agility for 68 gold pieces
 87178 | Elf:1    | Bought a potion of cancellation for 136 gold pieces
 87178 | Elf:1    | Bought a potion of might for 68 gold pieces
 87178 | Elf:1    | Bought a potion of heal wounds for 85 gold pieces
 87718 | Elf:1    | Bought a potion of ambrosia for 136 gold pieces
 87718 | Elf:1    | Bought 2 potions of ambrosia for 272 gold pieces
 88292 | Elf:3    | Entered Level 3 of the Elven Halls
 88915 | Elf:2    | Found a runed translucent gate.
 88919 | Elf:2    | Found a runed translucent gate.
 88967 | Elf:2    | Reached skill level 22 in Fighting
 89068 | Elf:2    | Found a runed translucent gate.
 89129 | Elf:2    | Reached skill level 20 in Air Magic
 89370 | Elf:2    | Reached XP level 24. HP: 192/210 MP: 40/40
 89820 | Elf:3    | Learned a level 9 spell: Tornado
 90220 | Elf:3    | Reached skill level 12 in Armour
 90614 | Elf:3    | Identified the ring "Irugh" {rElec rPois Dex+3 SInv Stlth+}
 91328 | Elf:3    | Identified the ring of Ire Etef {+Fly rC- MR++ Dex+4}
 91550 | Elf:3    | Reached skill level 21 in Air Magic
 91792 | Elf:3    | Reached skill level 13 in Armour
 91835 | Elf:3    | Identified the Tome of Gliding Translocation
 91848 | Elf:3    | Got a scorched copper ring
 91849 | Elf:3    | Identified the ring "Etuzulih" {rElec rN+ Int+2} (You found
                  | it on level 3 of the Elven Halls)
 92000 | Elf:3    | Identified the Collected Works on Aid
 93216 | Slime:1  | Entered Level 1 of the Pits of Slime
 93402 | Slime:1  | Gained mutation: You have a somewhat thin skeletal
                  | structure. (Dex +2, Stealth) [a shining eye]
 93403 | Slime:1  | Gained mutation: [Your body sometimes deteriorates upon
                  | taking damage.] [a shining eye]
 93404 | Slime:1  | Gained mutation: You are dopey. (Int -2) [a shining eye]
 93741 | Slime:2  | Gained mutation: [You tend to lose your temper in combat.]
                  | [a shining eye]
 93799 | Slime:1  | Lost mutation: You are dopey. (Int -2) [potion of mutation]
 93799 | Slime:1  | Lost mutation: [Your body sometimes deteriorates upon
                  | taking damage.] [potion of mutation]
 93799 | Slime:1  | Lost mutation: [You tend to lose your temper in combat.]
                  | [potion of mutation]
 93799 | Slime:1  | Lost mutation: You have a somewhat thin skeletal structure.
                  | (Dex +2, Stealth) [potion of mutation]
 93799 | Slime:1  | Gained mutation: [You occasionally shout uncontrollably at
                  | your foes.] [potion of mutation]
 93799 | Slime:1  | Gained mutation: You are robust. (+10% HP) [potion of
                  | mutation]
 94091 | Slime:3  | Paralysed by a floating eye for 4 turns
 94460 | Slime:3  | Reached XP level 25. HP: 240/240 MP: 40/40
 94804 | Slime:5  | Entered Level 5 of the Pits of Slime
 94857 | Slime:5  | Gained mutation: You are agile. (Dex +2) [a shining eye]
 94857 | Slime:5  | Noticed the Royal Jelly
 94860 | Slime:4  | Gained mutation: Scrolls take you a little longer to read.
                  | [a shining eye]
 94868 | Slime:4  | Gained mutation: Scrolls take you longer to read. [a
                  | shining eye]
 94879 | Slime:4  | Lost mutation: You are robust. (+10% HP) [potion of
                  | mutation]
 94879 | Slime:4  | Lost mutation: You are agile. (Dex +2) [potion of mutation]
 94879 | Slime:4  | Gained mutation: You are partially covered in yellow
                  | scales. (AC +2) [potion of mutation]
 94879 | Slime:4  | Gained mutation: Your flesh is heat resistant. (rF+)
                  | [potion of mutation]
 94880 | Slime:4  | Lost mutation: You are partially covered in yellow scales.
                  | (AC +2) [potion of mutation]
 94880 | Slime:4  | Lost mutation: Scrolls take you longer to read. [potion of
                  | mutation]
 94880 | Slime:4  | Gained mutation: You are dopey. (Int -2) [potion of
                  | mutation]
 94880 | Slime:4  | Gained mutation: You are somewhat resistant to further
                  | mutation. [potion of mutation]
 94881 | Slime:4  | Lost mutation: Your flesh is heat resistant. (rF+) [potion
                  | of mutation]
 94881 | Slime:4  | Lost mutation: You are dopey. (Int -2) [potion of mutation]
 94881 | Slime:4  | Lost mutation: You are somewhat resistant to further
                  | mutation. [potion of mutation]
 94881 | Slime:4  | Gained mutation: You are dopey. (Int -2) [potion of
                  | mutation]
 94881 | Slime:4  | Gained mutation: Your muscles are strong. (Str +2) [potion
                  | of mutation]
 94881 | Slime:4  | Lost mutation: Your muscles are strong. (Str +2) [potion of
                  | mutation]
 94881 | Slime:4  | Gained mutation: You have large cloven feet. [potion of
                  | mutation]
 94882 | Slime:4  | Lost mutation: You are dopey. (Int -2) [potion of mutation]
 94882 | Slime:4  | Lost mutation: Scrolls take you a little longer to read.
                  | [potion of mutation]
 94882 | Slime:4  | Gained mutation: You are partially covered in iridescent
                  | scales. (AC +2) [potion of mutation]
 94882 | Slime:4  | Gained mutation: [You do not regenerate when monsters are
                  | visible.] [potion of mutation]
 94882 | Slime:4  | Gained mutation: Armour fits poorly on your strangely
                  | shaped body. [potion of mutation]
 94882 | Slime:4  | Gained mutation: Your muscles are strong. (Str +2) [potion
                  | of mutation]
 95277 | Hell     | Entered the Vestibule of Hell
 95277 | Hell     | Noticed Geryon
 95362 | Hell     | Reached skill level 23 in Fighting
 95519 | Hell     | Reached skill level 14 in Armour
 95524 | Hell     | Reached skill level 22 in Air Magic
 95526 | Hell     | Killed Geryon
 96115 | Hell     | Found a gateway to the ashen valley of Gehenna.
 96309 | Hell     | Found a gateway to the freezing wastes of Cocytus.
 96390 | Hell     | Found a gateway to the decaying netherworld of Tartarus.
 96459 | Hell     | Found a gateway to the Iron City of Dis.
 96773 | Vaults:5 | Entered Level 5 of the Vaults
 97707 | Vaults:5 | Paralysed by a sphinx for 7 turns
 97717 | Vaults:5 | Reached skill level 15 in Armour
 97719 | Vaults:5 | Reached skill level 23 in Air Magic
 97863 | Vaults:5 | Reached XP level 26. HP: 231/231 MP: 13/40
 98790 | Vaults:5 | Noticed an ancient lich
 98791 | Vaults:5 | Identified the +5 great sword of Crystal {antimagic, rElec
                  | rF- rN+++ Str-5 Dex+5}
 98855 | Vaults:5 | Reached skill level 24 in Fighting
 98866 | Vaults:5 | Killed an ancient lich
 98866 | Vaults:5 | Reached skill level 16 in Armour
 99106 | Vaults:5 | Upgraded the game from 0.25-a0-479-g8579842fd4 to
                  | 0.25-a0-482-g9b3b753f3f
 99548 | Vaults:5 | Reached skill level 24 in Air Magic
100290 | Vaults:5 | Got a silver rune of Zot
100530 | Vaults:5 | Identified the Volume of Icy Arcane Weapons
100532 | Vaults:5 | Identified the Volume of Objectivity
101835 | Slime:5  | Killed the Royal Jelly
101835 | Slime:5  | Reached skill level 17 in Armour
101944 | Slime:5  | Gained mutation: Potions are less effective at restoring
                  | your health. [a shining eye]
102243 | Slime:5  | Reached XP level 27. HP: 204/240 MP: 34/40
102752 | Slime:5  | Got a warped platinum ring
102753 | Slime:5  | Identified the ring of Free Expression {rCorr MP+9 Dex+4
                  | Slay-4} (You found it on level 5 of the Pits of Slime)
102797 | Slime:5  | Identified Kophoul's Incunabulum of Talismans and
                  | Execration
102803 | Slime:5  | Got a pitted turquoise ring
102804 | Slime:5  | Identified the ring of Circularity {-Tele MR+ Int+2 SInv
                  | Stlth+} (You found it on level 5 of the Pits of Slime)
102858 | Slime:5  | Identified the +1 leather armour "Jutau" {Slay+2} (You
                  | found it on level 5 of the Pits of Slime)
102861 | Slime:5  | Got a serpentine ivory ring
102862 | Slime:5  | Identified the ring of Daisies {rF+ AC+3 Int+4 Dex-3} (You
                  | found it on level 5 of the Pits of Slime)
102870 | Slime:5  | Identified the +4 ring mail "Forget-Me-Not" {*Drain Slay+6}
                  | (You found it on level 5 of the Pits of Slime)
102924 | Slime:5  | Got a slimy rune of Zot
103511 | Depths:4 | Voluntarily entered the Abyss.
103615 | Abyss:1  | Lost mutation: You are partially covered in iridescent
                  | scales. (AC +2) [potion of mutation]
103615 | Abyss:1  | Lost mutation: [You occasionally shout uncontrollably at
                  | your foes.] [potion of mutation]
103615 | Abyss:1  | Lost mutation: Armour fits poorly on your strangely shaped
                  | body. [potion of mutation]
103615 | Abyss:1  | Lost mutation: Your muscles are strong. (Str +2) [potion of
                  | mutation]
103615 | Abyss:1  | Gained mutation: Your magical capacity is low. (-10% MP)
                  | [potion of mutation]
103615 | Abyss:1  | Gained mutation: [Your body sometimes deteriorates upon
                  | taking damage.] [potion of mutation]
103615 | Abyss:1  | Gained mutation: You are resistant to hostile enchantments.
                  | (MR+) [potion of mutation]
103616 | Abyss:1  | Lost mutation: [You do not regenerate when monsters are
                  | visible.] [potion of mutation]
103616 | Abyss:1  | Lost mutation: Your magical capacity is low. (-10% MP)
                  | [potion of mutation]
103616 | Abyss:1  | Lost mutation: You are resistant to hostile enchantments.
                  | (MR+) [potion of mutation]
103616 | Abyss:1  | Lost mutation: [Your body sometimes deteriorates upon
                  | taking damage.] [potion of mutation]
103616 | Abyss:1  | Gained mutation: You have hoof-like feet. [potion of
                  | mutation]
103643 | Abyss:2  | Lost mutation: You have hoof-like feet. [potion of
                  | mutation]
103643 | Abyss:2  | Lost mutation: Potions are less effective at restoring your
                  | health. [potion of mutation]
103643 | Abyss:2  | Lost mutation: You have large cloven feet. [potion of
                  | mutation]
103643 | Abyss:2  | Gained mutation: Scrolls take you a little longer to read.
                  | [potion of mutation]
103643 | Abyss:2  | Gained mutation: You have sharp toenails. [potion of
                  | mutation]
103804 | Abyss:2  | Paralysed by accursed screaming for 2 turns
103826 | Abyss:2  | Paralysed by accursed screaming for 2 turns
103827 | Abyss:2  | Annihilated by a white very ugly thing

Vanquished Creatures
  the Royal Jelly (Slime:5)
  Mara (Vaults:2)
  A juggernaut (Depths:4)
  2 ancient liches (Depths:4 Vaults:5)
  Frederick (Depths:3)
  Margery (Depths:3)
  Geryon (Hell)
  Nikola (Vaults:2)
  the Enchantress (Depths:2)
  3 golden dragons (Depths:5 Vaults:4 Vaults:5)
  A bone dragon (Depths:4)
  5 tentacled monstrosities (Depths:5 Vaults:5)
  The ghost of Gall2222 the Executioner, an adept MiBe of Trog (Vaults:1)
  3 quicksilver dragons (Depths:5 Vaults:4 Vaults:5)
  5 titans (Depths:4 Vaults:4 Vaults:5)
  2 deep elf master archers (Elf:3)
  2 deep elf blademasters (Elf:3)
  7 liches (Vaults:3 Vaults:4 Depths:5 Depths:4 Hell)
  Agnes (Depths:1)
  24 acid blobs (Slime:1 Slime:3 Slime:4 Slime:5)
  5 sphinxes (Depths:2 Depths:4 Vaults:5)
  Kirke (Lair:5)
  3 thorn hunters (Swamp:2 Depths:2)
  9 tengu reavers (Vaults:2 Vaults:3 Depths:1 Depths:2 Depths:5)
  5 shadow dragons (Vaults:4 Depths:4 Depths:5 Vaults:5)
  6 storm dragons (Vaults:4 Depths:4 Depths:5 Vaults:5)
  A storm dragon (shapeshifter) (Vaults:5)
  6 nagarajas (Snake:2 Snake:4)
  Roxanne (Swamp:2)
  A draconian knight (Depths:4)
  14 azure jellies (Slime:1 Slime:3 Slime:5 Slime:4)
  8 frost giants (Vaults:3 Vaults:4 Depths:1 Depths:4 Vaults:5)
  11 deep elf sorcerers (Vaults:3 Elf:2 Elf:3)
  4 iron dragons (Depths:5 Hell Vaults:5)
  Louise (Swamp:2)
  3 balrugs (Depths:1 Hell)
  An orc warlord (Orc:1)
  8 fire giants (Vaults:2 Vaults:4 Depths:2 Depths:3 Depths:5)
  5 deep elf elementalists (Elf:3 Vaults:4)
  20 vault wardens (Vaults:1 Vaults:2 Vaults:3 Vaults:4 Vaults:5)
  3 large abominations (Elf:3 Abyss:2)
  A draconian stormcaller (Depths:4)
  4 reapers (Hell)
  3 war gargoyles (Hell Vaults:5)
  6 spriggan defenders (Depths:1 Depths:2 Depths:5)
  A green draconian (Depths:5)
  16 very ugly things (Vaults:3 Vaults:4 Depths:1 Depths:4 Vaults:5)
  12 ironheart preservers (D:14 Vaults:1 Vaults:2 Vaults:3 Vaults:4)
  8 vampire knights (Depths:1 Depths:4 Depths:5)
  An entropy weaver (shapeshifter) (Vaults:5)
  16 stone giants (Vaults:3 Vaults:4 Depths:1 Depths:2 Depths:3)
  8 deep elf annihilators (Elf:3 Vaults:5 Vaults:4)
  5 deep elf demonologists (Elf:1 Elf:3 Vaults:5)
  The ghost of Beaer the Slicer, a journeyman VSEn of Okawaru (Snake:4)
  A yellow draconian (Depths:4)
  2 white draconians (Depths:5)
  2 dire elephants (Depths:2)
  A purple draconian (Depths:5)
  A spark wasp (Depths:3)
  A red draconian (Depths:5)
  8 fire dragons (D:15 Vaults:3 Depths:1 Depths:2 Depths:4)
  8 death oozes (Slime:4 Slime:5)
  A merfolk javelineer (Depths:5)
  10 deep elf death magi (Vaults:4 Depths:4 Elf:3 Vaults:5)
  A merfolk impaler (Depths:5)
  A crystal guardian (Vaults:2)
  8 ettins (Depths:1 Depths:4 Depths:5 Vaults:5 Vaults:4)
  3 jiangshi (Depths:3)
  11 great orbs of eyes (Abyss:2 Vaults:1 D:15 Depths:1 Depths:3)
  Fannar (D:11)
  14 yaktaur captains (Vaults:4 Depths:4 Vaults:5)
  8 deep elf high priests (Depths:4 Elf:3 Vaults:5)
  26 vault guards (Vaults:1 Vaults:2 Vaults:5)
  7 hydras (D:15 Lair:6 Swamp:2 Swamp:4 Lair:3)
  7 ice dragons (Vaults:2 Depths:1 Depths:3 Depths:4 Depths:5)
  2 spriggan air magi (Depths:4)
  7 naga warriors (Lair:4 Snake:2 Snake:4)
  7 rakshasas (Vaults:2 Vaults:3 Depths:2 Depths:1 Depths:5)
  2 shambling mangroves (Swamp:2 Swamp:4)
  2 death knights (Vaults:2 Vaults:3)
  A ghost crab (Swamp:3)
  A hell beast (Depths:3)
  9 anacondas (Snake:1 Snake:2 Snake:3 Snake:4)
  24 dancing weapons (Elf:1 Elf:2 Elf:3 Vaults:5)
  9 ogre magi (Vaults:1 Vaults:2 Vaults:4 Depths:2 Vaults:5)
  7 centaur warriors (D:14 D:15 Vaults:1 Vaults:2 Vaults:3)
  15 alligators (Swamp:1 Swamp:2 Swamp:3 Swamp:4)
  38 two-headed ogres (D:9 Orc:2 Vaults:1 Vaults:2 Vaults:4)
  2 catoblepae (D:13 Lair:6)
  7 naga sharpshooters (Snake:2 Snake:4)
  2 tengu warriors (Depths:5)
  16 deep troll shamans (Vaults:3 Depths:1 D:15 Depths:2 Depths:4)
  4 death yaks (Lair:6)
  A hell hog (Hell)
  10 deep troll earth magi (Vaults:4 Depths:2 Depths:1 Depths:3 Depths:5)
  A satyr (shapeshifter) (Vaults:5)
  A titan zombie (Depths:4)
  An orc high priest (Elf:3)
  A vampire mage (Depths:3)
  3 spriggan berserkers (Depths:2)
  8 hell knights (Depths:3 Depths:4)
  A storm dragon zombie (Vaults:5)
  2 thrashing horrors (Abyss:2 Abyss:1)
  16 deep elf knights (Vaults:4 Elf:1 Elf:3 Elf:2 Vaults:5)
  4 soul eaters (Depths:4 Depths:1 Hell)
  12 sun demons (Depths:1 Depths:3 Hell Abyss:1)
  4 shock serpents (Snake:1 Snake:3 Snake:4)
  5 skeletal warriors (D:15 Depths:4)
  4 shadow wraiths (Depths:4 Vaults:5)
  A fire crab (shapeshifter) (Vaults:4)
  3 flayed ghosts (Depths:4 Vaults:5 Abyss:1)
  A golden dragon zombie (Hell)
  2 wretched stars (Abyss:1 Abyss:2)
  9 iron trolls (Depths:1 D:15 Depths:2 Depths:4 Depths:5)
  4 sea snakes (shapeshifter) (Depths:3 Vaults:5)
  2 spark wasp zombies (Hell)
  4 salamander mystics (Snake:2 Snake:4)
  A torturous demonspawn (Depths:3)
  A storm dragon skeleton (Depths:4)
  5 swamp dragons (Swamp:3 Swamp:4)
  3 unseen horrors (Vaults:1 Depths:5)
  A tengu zombie (Hell)
  4 glowing orange brains (Vaults:3 Slime:2 Slime:3)
  A glowing orange brain (shapeshifter) (Depths:5)
  8 naga ritualists (Snake:1 Snake:2 Snake:3 Snake:4)
  14 deep elf archers (Vaults:3 Depths:2 Elf:1 Elf:2 Elf:3)
  30 deep trolls (Vaults:3 Vaults:4 Depths:1 D:15 Depths:2)
  2 lindwurms (Swamp:4)
  3 phantasmal warriors (Depths:1 Vaults:5)
  4 wizards (D:14 Vaults:1 Depths:1)
  6 necromancers (Vaults:1 Depths:3 Depths:4 Vaults:5)
  14 ironbrand convokers (Vaults:1 Vaults:2 Vaults:3 Vaults:4 Vaults:5)
  10 harpies (Vaults:1 Vaults:2 Vaults:3)
  A stone giant zombie (Hell)
  14 orc knights (D:10 Orc:2 Vaults:1 Vaults:2 Vaults:3)
  2 sphinx zombies (Depths:4 Vaults:5)
  9 mana vipers (Snake:1 Snake:2 Snake:3 Snake:4 Abyss:2)
  2 anaconda skeletons (Hell)
  7 wolf spiders (D:14 Vaults:1 Vaults:2 Vaults:3)
  4 orc sorcerers (Orc:2 Vaults:3)
  A sphinx skeleton (Depths:4)
  23 ugly things (D:13 Vaults:1 Vaults:2 Vaults:4 Vaults:3)
  A manticore (Depths:2)
  A frost giant zombie (Vaults:5)
  2 moths of wrath (shapeshifter) (Depths:5 Vaults:5)
  2 fire giant zombies (D:15 Vaults:5)
  2 manticores (shapeshifter) (Depths:1 Vaults:5)
  54 deep elf magi (Vaults:3 Vaults:4 Elf:1 Elf:2 Elf:3)
  4 salamanders (Snake:1 Snake:4 Depths:2)
  A tengu skeleton (Depths:4)
  2 cyclopes (D:13 Vaults:2)
  8 shining eyes (Slime:1 Slime:2 Slime:3 Slime:4 Slime:5)
  A worldbinder (Abyss:2)
  2 elephants (Lair:6)
  A frost giant skeleton (Depths:4)
  5 rust devils (Hell)
  Psyche (D:12)
  A guardian serpent (shapeshifter) (Depths:4)
  8 vault sentinels (Vaults:1 Vaults:2 Vaults:3 Vaults:4)
  19 black mambas (Snake:1 Snake:2 Snake:3 Snake:4)
  3 guardian serpents (Snake:3 Snake:4)
  An eye of devastation (shapeshifter) (Vaults:5)
  3 smoke demons (Hell)
  2 centaur skeletons (D:14 D:15)
  5 naga magi (Snake:2 Snake:3 Snake:4)
  2 elf zombies (Depths:4)
  An orange demon (Depths:3)
  2 eyes of devastation (Slime:5)
  9 spiny frogs (Lair:2 Lair:3 Lair:6 Swamp:1 Swamp:2)
  A spriggan skeleton (Depths:4)
  A hellion (Depths:1)
  39 yaktaurs (Vaults:1 Vaults:2 Vaults:3 Vaults:4 Depths:1)
  A yaktaur (shapeshifter) (Vaults:5)
  4 komodo dragons (Lair:1 Lair:3 Lair:4 Lair:6)
  3 yaktaur zombies (Hell)
  A rime drake (Lair:6)
  2 rime drakes (shapeshifter) (Depths:3 Vaults:5)
  A hellwing (Depths:3)
  7 freezing wraiths (Vaults:4 Vaults:5 Abyss:2)
  11 ice devils (Depths:1 Hell Abyss:2)
  A jumping spider (Vaults:2)
  A guardian mummy (D:15)
  7 trolls (D:11 D:13 D:14 Orc:2)
  3 red devils (Hell)
  A jumping spider (shapeshifter) (Depths:1)
  A hydra zombie (Hell)
  A queen bee (Lair:5)
  A harpy skeleton (D:14)
  A hornet (shapeshifter) (Vaults:1)
  5 tyrant leeches (Swamp:1 Swamp:3 Swamp:4)
  11 hornets (Swamp:2 Swamp:3 Swamp:4 Vaults:4 Vaults:5)
  2 ettin zombies (D:15 Vaults:1)
  107 slime creatures (D:13 D:14 Swamp:2 D:15 Depths:2)
  3 blink frogs (Lair:2 Lair:3 Lair:5)
  5 bog bodies (Swamp:2 Swamp:3 Swamp:4)
  2 raiju (Abyss:2)
  A raiju (shapeshifter) (Vaults:5)
  2 deep troll zombies (Hell)
  2 hippogriffs (D:9 Lair:4)
  3 spriggans (Swamp:2 Swamp:3)
  2 vampires (D:11 D:13)
  A human simulacrum (Vaults:1)
  An ettin skeleton (Abyss:2)
  2 redbacks (Vaults:2)
  A spriggan (shapeshifter) (Depths:4)
  9 water elementals (D:15 Depths:5 Elf:2 Elf:3 Hell)
  An air elemental (Elf:1)
  15 yaks (D:11 Lair:2 Lair:3 D:12 Lair:6)
  2 wyverns (Lair:4 Lair:5)
  2 ynoxinuls (Depths:3 Abyss:1)
  7 fire elementals (Elf:1 Elf:2 Elf:3 Depths:1 Hell)
  12 humans (D:8 D:14)
  5 golden eyes (Slime:3 Slime:4 Slime:5)
  A hog (Lair:5)
  A golden eye (shapeshifter) (Depths:5)
  A human (shapeshifter) (Vaults:3)
  6 vampire mosquitoes (D:13 Swamp:2 Swamp:4)
  31 nagas (Snake:2 Snake:3 Snake:4)
  13 swamp worms (Swamp:1 Swamp:2 Swamp:3 Swamp:4)
  7 wargs (Orc:1 Orc:2 Vaults:1 Vaults:4 Elf:3)
  6 insubstantial wisps (Swamp:2 Swamp:3)
  7 hell hounds (Hell Depths:1)
  An acid dragon (Vaults:1)
  13 water moccasins (Lair:2 Lair:3 D:13 Lair:6)
  A spiny frog zombie (Hell)
  10 swamp drakes (Swamp:1 Swamp:2 Swamp:3 Swamp:4)
  A floating eye (Depths:5)
  A phantom (D:12)
  4 porcupines (Lair:3 Lair:4 Lair:5)
  An eye of draining (shapeshifter) (Vaults:1)
  51 orc warriors (D:6 D:13 D:14 Orc:1 Orc:2)
  2 ice beasts (D:10 D:15)
  An alligator simulacrum (Hell)
  A sky beast (D:5)
  A black bear (shapeshifter) (Elf:2)
  2 eyes of draining (Slime:2 Slime:5)
  8 boggarts (Vaults:1 Depths:2 Depths:5)
  23 ogres (D:8 D:11 D:10 D:13 D:14)
  A boggart (shapeshifter) (Vaults:5)
  3 wolves (Lair:2 Lair:3)
  A wolf (shapeshifter) (Vaults:5)
  An ettin simulacrum (Vaults:3)
  5 centaurs (Bailey Depths:1 Depths:2)
  A human skeleton (Vaults:1)
  4 crocodiles (Lair:1 D:12 D:14 Lair:6)
  10 small abominations (Abyss:2 Elf:3)
  8 bullfrogs (D:5 D:6 D:7 D:9 D:11)
  3 earth elementals (Elf:1 Elf:3)
  2 glowing shapeshifter simulacra (Vaults:1 Vaults:2)
  An ogre simulacrum (Vaults:1)
  A spiny frog simulacrum (Hell)
  A scorpion (shapeshifter) (Vaults:5)
  2 scorpions (D:7 D:8)
  8 killer bees (Lair:5 Lair:4 D:12)
  A howler monkey (D:6)
  An elf simulacrum (Vaults:5)
  2 crimson imps (D:5 Depths:3)
  3 starcursed masses (Abyss:2)
  2 bullfrog zombies (D:10 D:11)
  2 quasits (Depths:3)
  4 centaur zombies (D:11 D:12 D:13 D:14)
  A bullfrog skeleton (D:12)
  6 hounds (D:5 D:10 D:12 D:13)
  A yaktaur simulacrum (Vaults:1)
  16 jellies (D:7 D:8 D:9 D:10 Lair:5)
  30 orc priests (D:4 D:5 D:6 D:7 D:8)
  22 orc wizards (D:3 D:5 D:8 D:9 D:14)
  4 iron imps (Abyss:2 Depths:3 Abyss:1)
  5 iguanas (D:4 D:6 D:7 D:10 D:14)
  12 worker ants (D:4 D:5 D:6 D:8 D:9)
  10 hell rats (Depths:1 Hell)
  A killer bee zombie (D:10)
  2 hound skeletons (D:6 D:10)
  3 worker ant zombies (D:7 D:8)
  5 gnolls (D:7 D:9 Orc:2)
  A howler monkey skeleton (D:5)
  9 adders (D:2 D:3 D:5 D:6 D:7)
  A shadow imp (D:14)
  A white imp (Depths:3)
  3 ufetubi (Abyss:2 Depths:3)
  An adder skeleton (D:4)
  3 worms (D:2 D:3)
  6 leopard geckos (D:3 D:4 D:7 D:10 D:2)
  118 orcs (D:4 D:5 D:6 D:7 Bailey)
  5 bats (D:1 D:2 D:3)
  4 giant cockroaches (D:1 D:4)
  9 goblins (D:1 D:3 D:5 D:7)
  2 hobgoblins (D:1 D:5)
  9 jackals (D:6 D:11)
  2 quokkas (D:4 D:11)
  2 ball pythons (D:6 D:7)
  3 frilled lizards (D:3 D:4)
  5 kobolds (D:2 D:3 D:5 Depths:2)
  A quokka zombie (D:5)
  4 rats (D:1 D:3 D:2)
  4 crawling corpses (Elf:3)
1815 creatures vanquished.

Vanquished Creatures (collateral kills)
  the Lernaean hydra (Swamp:4)
  Jory (Depths:3)
  Rupert (Lair:6)
  An acid blob (Slime:3)
  An ancient champion (Depths:1)
  A thorn hunter (Swamp:4)
  A shadow dragon (Depths:4)
  5 nagarajas (Snake:3 Snake:4)
  A deep elf sorcerer (Elf:3)
  An orc warlord (Orc:2)
  A frost giant (Vaults:3)
  A spriggan defender (Depths:1)
  An entropy weaver (Vaults:2)
  3 stone giants (Vaults:3 Depths:1)
  3 very ugly things (Vaults:4 Depths:1)
  3 ironheart preservers (Vaults:3 Vaults:4)
  2 red draconians (Depths:5)
  4 ettins (Vaults:3 Vaults:4 Depths:1)
  A fire dragon (Depths:2)
  2 jiangshi (Depths:3)
  2 ogre magi (Vaults:1)
  3 yaktaur captains (Vaults:3 Vaults:4 Depths:5)
  8 hydras (Lair:5 Lair:6 Swamp:4)
  An ice dragon (D:10)
  4 naga warriors (Snake:2 Snake:3 Snake:4)
  A rakshasa (Depths:5)
  2 centaur warriors (D:14 Depths:1)
  2 vault guards (D:14)
  A shambling mangrove (Swamp:4)
  2 ghost crabs (Swamp:2)
  A spriggan air mage (Depths:5)
  3 catoblepae (Lair:2 Lair:6)
  A deep troll earth mage (Depths:2)
  5 death yaks (Lair:6)
  2 anacondas (Snake:2)
  An alligator (Swamp:1)
  2 deep troll shamans (Depths:2 Depths:5)
  5 two-headed ogres (D:9 D:13 D:14 Depths:2)
  A shock serpent (Snake:3)
  A spriggan berserker (Depths:5)
  A vampire mage (Depths:3)
  10 naga sharpshooters (Snake:1 Snake:3 Snake:4)
  A thrashing horror (Abyss:2)
  4 orc high priests (Orc:2)
  Urug (Lair:4)
  Sonja (Orc:2)
  2 salamander mystics (Snake:3)
  2 deep elf knights (Vaults:4)
  A hell knight (Depths:3)
  7 skeletal warriors (D:10 D:14 Depths:4)
  A deep troll (Vaults:4)
  2 spriggan druids (Swamp:2 Swamp:3)
  A flayed ghost (Depths:4)
  3 naga ritualists (Snake:2 Snake:3 Snake:4)
  4 swamp dragons (Swamp:1 Swamp:4)
  3 deep elf archers (Vaults:3 Vaults:4 Elf:3)
  5 necromancers (D:14 D:15 Abyss:2 Vaults:1 Vaults:2)
  An orc knight (Vaults:3)
  4 mana vipers (Snake:1 Snake:2 Snake:3)
  2 ironbrand convokers (Vaults:1 Vaults:3)
  3 orc sorcerers (Orc:2)
  A wolf spider (Vaults:4)
  4 deep elf magi (D:15 Elf:2 Elf:3)
  16 ugly things (D:10 D:15 Vaults:1 Vaults:2 Vaults:3)
  3 cyclopes (D:13 Vaults:2)
  2 salamanders (Snake:1 Snake:4)
  A stone giant zombie (D:15)
  2 oklob plants (D:11 Lair:5)
  5 manticores (D:11 D:13 D:14 Lair:6 Depths:2)
  2 vault sentinels (Vaults:1 Vaults:2)
  8 elephants (Lair:5 Lair:6)
  3 guardian serpents (Snake:2 Snake:4)
  7 naga magi (Snake:2 Snake:3 Snake:4)
  An eye of devastation (Slime:3)
  A smoke demon (Hell)
  A black mamba (Snake:3)
  A molten gargoyle (Hell)
  4 spiny frogs (Lair:3 Lair:5 Swamp:1)
  2 gargoyles (D:10)
  A freezing wraith (Vaults:3)
  5 komodo dragons (Lair:4 Lair:5 D:13)
  2 rime drakes (Lair:1 Lair:2)
  9 yaktaurs (Vaults:2 Vaults:3 Vaults:4 Depths:1 Depths:4)
  A polar bear (Lair:3)
  3 meliai (Lair:5 Lair:4)
  Grinder (D:6)
  A tyrant leech (Swamp:4)
  3 hornets (Swamp:2 Vaults:1 Swamp:4)
  5 slime creatures (D:13 D:14 Swamp:2 Vaults:2)
  6 blink frogs (Lair:2 Lair:3 Lair:5)
  3 hippogriffs (Lair:2 D:15)
  A bog body (Swamp:2)
  Sigmund (D:2)
  A wraith (D:15)
  3 spriggans (Swamp:2)
  3 wyverns (D:11 D:12 D:15)
  34 yaks (D:11 Lair:2 Lair:3 Lair:4 Lair:6)
  7 humans (D:14)
  A hog (Lair:5)
  A yak (shapeshifter) (Vaults:4)
  A yaktaur simulacrum (Vaults:2)
  A fire elemental (Hell)
  2 hungry ghosts (D:7 D:13)
  A vampire mosquito (Swamp:2)
  Menkaure (D:6)
  32 nagas (Snake:1 Snake:3 Snake:4)
  2 wargs (Vaults:2 Vaults:4)
  2 acid dragons (D:10 Vaults:2)
  A floating eye (Slime:3)
  2 water moccasins (Lair:3 Lair:6)
  4 porcupines (Lair:1 Lair:3 Lair:4)
  Duvessa (D:7)
  3 swamp drakes (Swamp:2 Swamp:4)
  A human zombie (Vaults:1)
  29 orc warriors (D:6 Bailey D:10 D:11 D:13)
  A snapping turtle zombie (Abyss:2)
  9 ice beasts (D:5 Lair:3)
  A sky beast (D:9)
  7 wolves (Lair:2 Lair:3)
  11 ogres (D:4 D:5 D:6 D:8 D:11)
  13 centaurs (Bailey D:9 D:14 Vaults:1 Vaults:2)
  3 boggarts (Vaults:1 Depths:2)
  2 crocodiles (Lair:1 Lair:3)
  A big kobold (D:12)
  7 bullfrogs (D:9 Lair:1 D:10 D:11 D:15)
  A wyvern zombie (D:9)
  A gnoll sergeant (D:8)
  Dowan (D:7)
  26 killer bees (D:11 Lair:4 Lair:5 D:12)
  5 wights (D:15)
  An electric eel (D:15)
  A crimson imp (D:9)
  A human simulacrum (Vaults:1)
  2 hounds (D:5 D:9)
  12 orc priests (D:5 D:6 D:11 D:13 Orc:2)
  5 jellies (Lair:5)
  17 orc wizards (D:5 D:7 D:9 D:11 D:12)
  Jessica (D:2)
  Terence (D:2)
  An iguana (D:9)
  A killer bee zombie (D:10)
  8 gnolls (D:7 D:8 D:9)
  3 adders (D:3 D:9 D:11)
  A leopard gecko (D:6)
  60 orcs (D:3 D:5 Bailey D:7 D:9)
  3 goblins (D:1 D:3)
  2 jackals (D:11)
  A quokka (D:11)
  A ball python (D:1)
  2 bats (D:1 D:2)
  5 kobolds (D:1 D:3 D:12)
  3 fungi (Lair:2 Lair:3 Lair:6)
602 creatures vanquished.

Vanquished Creatures (others)
  Vashnia (Snake:4)
  A fire giant (Depths:4)
  A deep elf sorcerer (Elf:3)
  A very ugly thing (Swamp:2)
  A stone giant (Vaults:5)
  2 yaktaur captains (Vaults:1 Vaults:4)
  A slime creature (Vaults:2)
  A vault guard (D:14)
  2 centaur warriors (Vaults:1 Vaults:4)
  4 death yaks (Lair:6)
  An ogre mage (Vaults:2)
  5 dancing weapons (Snake:3 Snake:4)
  A vampire mage (D:15)
  2 naga sharpshooters (Snake:3 Snake:4)
  2 deep elf knights (Elf:2 Elf:3)
  A salamander mystic (Snake:3)
  3 swamp dragons (Swamp:4)
  A spriggan druid (Swamp:4)
  A deep elf archer (Vaults:4)
  A lindwurm (Swamp:4)
  A deep elf mage (Elf:2)
  An elephant (Lair:5)
  A spiny frog (Lair:3)
  6 yaktaurs (Vaults:2 Vaults:3 Vaults:4)
  A polar bear (Lair:3)
  A hornet (Swamp:4)
  A fire dragon zombie (Abyss:2)
  A large abomination (Abyss:2)
  A spriggan skeleton (D:15)
  A yak (Lair:6)
  3 humans (Lair:5)
  An ogre (Vaults:2)
  A bullfrog (Lair:5)
  A killer bee (Lair:5)
  2 jellies (Lair:5)
  An orc wizard (D:11)
  A hell rat (Hell)
  2 orcs (Vaults:2 Vaults:4)
  7 fungi (Lair:2 Lair:4 Lair:5 Lair:6)
  23 plants (D:11 Lair:2 Lair:4 Lair:5 Lair:6)
  4 starspawn tentacles (Abyss:2)
  A withered plant (D:15)
95 creatures vanquished.

Grand Total: 2512 creatures vanquished

Table legend:
 A = Turns spent in this place as a percentage of turns spent in the entire game.
 B = Non-inter-level travel turns spent in this place as a percentage of non-inter-level travel turns spent in the entire game.
 C = Inter-level travel turns spent in this place as a percentage of turns spent in this place.
 D = Turns resting spent in this place as a percentage of non-inter-level travel turns spent in this place.
 E = Turns spent auto-exploring this place as a percentage of non-inter-level travel turns spent in this place.
 F = Non-inter-level travel turns spent in this place divided by the number of levels of this place that you've seen.
                   A       B       C       D       E      F
               +-------+-------+-------+-------+-------+----------------------
         Total | 100.0 | 100.0 |  12.3 |  28.6 |  33.0 | 1570.1
       Dungeon |  27.6 |  26.7 |  15.3 |  29.2 |  34.2 | 1618.4
        Temple |   0.1 |   0.1 |  15.0 |   0.0 |  96.9 |  96.0
          Lair |  12.5 |  11.4 |  19.9 |  28.5 |  38.6 | 1737.2
         Swamp |   7.1 |   7.6 |   6.5 |  20.1 |  53.1 | 1731.2
     Snake Pit |   9.6 |  10.6 |   2.8 |  31.4 |  43.0 | 2420.5
    Slime Pits |   3.2 |   3.5 |   2.9 |  38.2 |  22.3 | 640.8
  Orcish Mines |   4.2 |   4.4 |   8.5 |  34.3 |  37.9 | 2016.0
   Elven Halls |   5.6 |   5.9 |   8.2 |  24.8 |  22.3 | 1776.0
        Vaults |  15.1 |  13.9 |  19.0 |  29.0 |  23.0 | 2538.6
        Depths |  10.4 |  10.6 |  10.0 |  21.1 |  30.6 | 1939.2
          Hell |   0.6 |   0.7 |   1.8 |  10.7 |  54.5 | 661.0
         Abyss |   0.9 |   1.0 |   0.0 |  28.8 |   0.0 | 310.7
        Bazaar |   0.2 |   0.2 |   0.0 |   0.0 |   0.5 |  98.5
         Trove |   0.1 |   0.1 |   0.0 |   0.0 |   0.0 |  87.0
        Bailey |   2.7 |   3.1 |   0.0 |  56.2 |   4.2 | 2833.0
               +-------+-------+-------+-------+-------+----------------------

Table legend:
 A = Kills in this place as a percentage of kills in entire the game.
 B = Kills by you in this place as a percentage of kills by you in the entire game.
 C = Kills by friends in this place as a percentage of kills by friends in the entire game.
 D = Other kills in this place as a percentage of other kills in the entire game.
 E = Experience gained in this place as a percentage of experience gained in the entire game.
 F = Experience gained in this place divided by the number of levels of this place that you have seen.
                   A       B       C       D       E      F
               +-------+-------+-------+-------+-------+----------------------
         Total | 100.0 | 100.0 | 100.0 | 100.0 | 100.0 | 21906.5
       Dungeon |  18.4 |  14.4 |  31.2 |   8.2 |   3.8 | 3178.5
          Lair |   8.8 |   4.9 |  19.4 |  22.4 |   3.7 | 7763.5
         Swamp |   5.4 |   5.2 |   5.3 |  14.3 |   4.7 | 15060.5
     Snake Pit |   7.9 |   6.3 |  12.7 |   8.2 |   7.4 | 23409.2
    Slime Pits |   4.9 |   6.5 |   0.5 |   0.0 |   7.7 | 19603.4
  Orcish Mines |   8.0 |   8.5 |   7.0 |   0.0 |   1.6 | 10447.0
   Elven Halls |   6.6 |   8.5 |   0.8 |   6.1 |  10.3 | 43615.3
        Vaults |  19.8 |  22.6 |  10.5 |  32.7 |  31.4 | 79817.2
        Depths |  14.0 |  16.8 |   6.5 |   2.0 |  24.9 | 63197.0
          Hell |   3.1 |   4.0 |   0.5 |   2.0 |   3.4 | 42821.0
         Abyss |   1.5 |   1.7 |   0.5 |   4.1 |   1.1 | 4459.3
        Bailey |   1.6 |   0.5 |   5.0 |   0.0 |   0.1 | 1411.0
               +-------+-------+-------+-------+-------+----------------------

Table legend:
 A = Non-vault XP
 B = Vault XP
 C = Vault XP percentage of total XP
 D = Non-vault monster count
 E = Vault monster count
 F = Vault count percentage of total count
                 A         B        C        D         E       F
            +---------+---------+-------+---------+---------+-------
      Total |  600244 |  670331 |  52.8 |    1445 |     991 |  40.7
            +---------+---------+-------+---------+---------+-------
        D:1 |      18 |       0 |   0.0 |      13 |       0 |   0.0
        D:2 |      39 |     155 |  79.9 |       9 |       3 |  25.0
        D:3 |      81 |       0 |   0.0 |      19 |       0 |   0.0
        D:4 |     180 |       0 |   0.0 |      14 |       0 |   0.0
        D:5 |     893 |      12 |   1.3 |      32 |       6 |  15.8
        D:6 |     592 |     229 |  27.9 |      22 |       2 |   8.3
        D:7 |     654 |     116 |  15.1 |      21 |       6 |  22.2
        D:8 |     514 |     200 |  28.0 |      15 |       1 |   6.2
        D:9 |    1703 |       0 |   0.0 |      23 |       0 |   0.0
       D:10 |     528 |    2607 |  83.2 |      10 |      17 |  63.0
       D:11 |    2786 |     892 |  24.3 |      44 |       2 |   4.3
       D:12 |    1406 |     308 |  18.0 |      39 |       1 |   2.5
       D:13 |    4762 |     796 |  14.3 |      24 |      27 |  52.9
       D:14 |    8894 |    6223 |  41.2 |      31 |      25 |  44.6
       D:15 |   10233 |    2856 |  21.8 |      34 |       8 |  19.0
     Lair:1 |     727 |       0 |   0.0 |       7 |       0 |   0.0
     Lair:2 |    3178 |       0 |   0.0 |      21 |       0 |   0.0
     Lair:3 |    4825 |     533 |   9.9 |      35 |       8 |  18.6
     Lair:4 |    2073 |     798 |  27.8 |      10 |       7 |  41.2
     Lair:5 |   10667 |    3726 |  25.9 |      33 |      38 |  53.5
     Lair:6 |   10694 |    9360 |  46.7 |      33 |      23 |  41.1
    Swamp:1 |    5932 |       0 |   0.0 |      16 |       0 |   0.0
    Swamp:2 |   18919 |    2648 |  12.3 |      40 |       2 |   4.8
    Swamp:3 |    5442 |       0 |   0.0 |      18 |       0 |   0.0
    Swamp:4 |    9300 |   18001 |  65.9 |      28 |      28 |  50.0
    Snake:1 |   10055 |       0 |   0.0 |      22 |       0 |   0.0
    Snake:2 |   12065 |       0 |   0.0 |      25 |       0 |   0.0
    Snake:3 |   20205 |    3077 |  13.2 |      47 |       8 |  14.5
    Snake:4 |    8898 |   39337 |  81.6 |      21 |      70 |  76.9
    Slime:1 |   11485 |       0 |   0.0 |      22 |       0 |   0.0
    Slime:2 |    5735 |       0 |   0.0 |      15 |       0 |   0.0
    Slime:3 |   27803 |       0 |   0.0 |      41 |       0 |   0.0
    Slime:4 |    5874 |     247 |   4.0 |      10 |       1 |   9.1
    Slime:5 |   12169 |   34704 |  74.0 |      17 |      13 |  43.3
      Orc:1 |    3117 |      18 |   0.6 |      52 |       6 |  10.3
      Orc:2 |       0 |   17759 | 100.0 |       0 |     136 | 100.0
      Elf:1 |   15887 |    7462 |  32.0 |      28 |      12 |  30.0
      Elf:2 |    8246 |   22024 |  72.8 |      13 |      30 |  69.8
      Elf:3 |   22627 |   54600 |  70.7 |      40 |      37 |  48.1
   Vaults:1 |   15795 |   18117 |  53.4 |      39 |      32 |  45.1
   Vaults:2 |   12722 |   29378 |  69.8 |      28 |      36 |  56.2
   Vaults:3 |   22729 |   30774 |  57.5 |      28 |      39 |  58.2
   Vaults:4 |   34738 |   57219 |  62.2 |      66 |      58 |  46.8
   Vaults:5 |   41196 |  136418 |  76.8 |      59 |      98 |  62.4
   Depths:1 |   47176 |   13145 |  21.8 |      65 |      14 |  17.7
   Depths:2 |   33621 |   19625 |  36.9 |      54 |      19 |  26.0
   Depths:3 |   12193 |   22406 |  64.8 |      13 |      26 |  66.7
   Depths:4 |   63875 |   51570 |  44.7 |      65 |      36 |  35.6
   Depths:5 |   19604 |   32770 |  62.6 |      21 |      28 |  57.1
       Hell |   14011 |   28810 |  67.3 |      27 |      49 |  64.5
    Abyss:1 |    4800 |       0 |   0.0 |       7 |       0 |   0.0
    Abyss:2 |    8578 |       0 |   0.0 |      29 |       0 |   0.0
     Bailey |       0 |    1411 | 100.0 |       0 |      39 | 100.0
            +---------+---------+-------+---------+---------+-------
